Workbook
Name calificacion: datos!$A$13:$B$37
Name CalifiCorrup: datos!$C$13:$D$15
Name ImpacResidual: datos!$F$13:$F$15
Name ImpCorrup: datos!$Q$2:$Q$5
Name manejo: datos!$A$40:$I$43
Name NaturalezaControl: datos!$H$1:$H$3
Name PROBABILIDAD: datos!$P$1:$P$6
Name ProbCorrup: datos!$Q$2:$Q$5
Name probilida: datos!$P$1:$P$6
Name probilidad: datos!$P$1:$P$6
Name Riesgo: datos!$B$1:$B$6
Name SN: datos!$G$1:$G$2
Name TipoControl: datos!$F$1:$F$2
Name TipoImpacto: datos!$D$1:$D$4
Name ValoraHC: datos!$C$1:$C$5
Name valoraHS: datos!$C$6:$C$9
Name ValoraRiesgo: datos!$C$1:$C$8
Name ZonaRiesgoCorrup: datos!$G$11:$I$21
Name ZonaRiesgoCorrup2: datos!$G$11:$J$21

Sheet Formulario (2)
K1: SICME | P1: Código: MP-E-220-01
K2: MACROPROCESO: Control Interno | P2: Versión: Vr.2
K3: PROCESO: Control Interno | P3: Fecha de Aprobación: Diciembre xx de 2016
K4: Nombre del Formato: Mapa de Riesgos | P4: Página 1 de 1
B9: No. | D9: Proceso
B10: Identificación del Riesgo
B11: Riesgo
B12: Clase de riesgo
B13: Causas
B14: Consecuencias Potenciales
B15: Análisis de los Riesgos
B16: Probabilidad | F16: Tipo Impacto
B17: Impacto | F17: Nivel | I17: =IF(E16>0,VLOOKUP(VALUE(E16&E17),calificacion,2,FALSE),"")
B18: Riesgo Residual
B19: Puntaje Herramientas control | G19: Puntaje seguimiento al control
B20: Probabilidad | E20: =IF(F19+O19>0,IF(OR(E16-2<=0,E16-1<=0),1,IF(F19+O19<51,E16,IF(F19+O19>72,E16-2,E16-1))),"") | F20: Impacto | I20: =IF(F19+O19>0,IF(OR(E17-2<=0,E17-1<=0),1,IF(F19+O19>75,E17-2,IF(F19+O19<51,E17,E17-1))),"") | J20: Nivel | M20: =IF(F19+O19>0,IF(E20>0,VLOOKUP(VALUE(E20&I20),calificacion,2,FALSE),""),"")
B21: Opción de manejo | E21: =IF(F19+O19>0,VLOOKUP(M20,manejo,2,FALSE),"")
B22: Acciones Preventivas
B23: Acciones de contingencia ante posible materialización
B24: Responsable de la acción
B25: Periodo Seguimiento
B26: Fecha de Inicio DD/MM/AA | I26: Fecha de Inicio DD/MM/AA
B27: Registro Evidencia
B29: Valoración del Riesgo de Corrupción
B30: Análisis del Riesgo
B31: Riesgo Inherente
B32: Probabilidad | F32: Impacto | I32: Zona del Riesgo de Corrupción | M32: =IF(H32>0,VLOOKUP(E32*H32,ZonaRiesgoCorrup,3,FALSE),"")
B34: Valoración del Riesgo
B35: Controles | E35: =IF(H32>0,VLOOKUP(E32*H32,ZonaRiesgoCorrup2,4,FALSE),"")
B36: Riesgo Residual
B37: Probabilidad | F37: Impacto | I37: Zona del Riesgo de Corrupción | M37: =IF(H37>0,VLOOKUP(E37*H37,ZonaRiesgoCorrup,3,FALSE),"")
B38: Acciones Asociadas al Control
B39: Periodo de Ejecución
B40: Acciones
B41: Registro Evidencia
B43: Monitoreo y Revisión
B44: Fecha | F44: Acciones
B45: Responsable | J45: Indicador
B49: ELABORO: Mónica B. Orozco Tello FECHA: Noviembre 29 de 2016 | I49: REVISO: Indira Gutierrez Acuña FECHA: Noviembre 29 de 2016 | P49: APROBÓ: Indira Maria Gutierrez Acosta FECHA: Octubre 9 de 2015
B50: Nota:

Sheet Formulario
M1: SICME | R1: Código: MP-E-220-01
M2: MACROPROCESO: Control Interno | R2: Versión: Vr.2
M3: PROCESO: Control Interno | R3: Fecha de Aprobación: Febrero 10 de 2017
M4: Nombre del Formato: Mapa de Riesgos | R4: Página 1 de 1
B6: MAPA DE RIESGOS INSTITUCIONAL 2018
A7: RIESGO DE PROCESO 0 RIESGO DE CORRUPCION | B7: Proceso | C7: No. | D7: Identificación del Riesgo | H7: Análisis de los Riesgos | N7: Riesgo Residual | Q7: Opción de manejo | R7: Valoración del Riesgo de Corrupción | AE7: Acciones Preventivas | AF7: Acciones de contingencia ante posible materialización | AG7: Responsable de la acción | AH7: Periodo Seguimiento | AI7: Fecha de Inicio DD/MM/AA | AJ7: Fecha de terminación DD/MM/AA | AK7: Registro Evidencia | AL7: Monitoreo y Revisión
R8: Análisis del Riesgo | U8: Valoración del Riesgo
R9: Riesgo Inherente | U9: Tratamiento | V9: Riesgo Residual | AA9: Acciones Asociadas al Control | AL9: Fecha | AM9: Acciones | AN9: Responsable | AO9: Indicador
D10: Riesgo | E10: Clase de riesgo | F10: Causas | G10: Consecuencias Potenciales | H10: Probabilidad | I10: Tipo Impacto | J10: Impacto | K10: Nivel | L10: Puntaje Herramientas control | M10: Puntaje seguimiento al control | N10: Probabilidad | O10: Impacto | P10: Nivel | R10: Probabilidad | S10: Impacto | T10: Zona del Riesgo de Corrupción | V10: Naturaleza del Control | W10: Calificación Controles | X10: Probabilidad | Y10: Impacto | Z10: Zona del Riesgo de Corrupción | AA10: Periodo de Ejecución | AB10: Acciones | AC10: Registro Evidencia | AD10: Responsable
A11: C1 | B11: C2 | C11: C3 | D11: C4 | E11: C5 | F11: C6 | G11: C7 | H11: C8 | I11: C9 | J11: C10 | K11: C11 | L11: C12 | M11: C13 | N11: C14 | O11: C15 | P11: C16 | Q11: C17 | R11: C18 | S11: C19 | T11: C20 | U11: C21 | V11: C22 | W11: C23 | X11: C24 | Y11: C25 | Z11: C26 | AA11: C27 | AB11: C28 | AC11: C29 | AD11: C30 | AE11: C31 | AF11: C32 | AG11: C33 | AH11: C34 | AI11: C35 | AJ11: C36 | AK11: C37 | AL11: C38 | AM11: C39 | AN11: C40 | AO11: C41
A12: RIESGO DE PROCESO | B12: DIRECCION (Planeación) | C12: 1 | D12: Incumplimiento del Plan de Acción. | E12: Estratégico | F12: Carencia en el seguimiento a nivel directivo. Ausencia de políticas de incentivos. | G12: Afectación de los objetivos institucionales | H12: 3 | I12: Credibilidad o imagen, legal | J12: 3 | K12: =IF(H12>0,VLOOKUP(VALUE(H12&J12),calificacion,2,FALSE),"") -> ALTA | L12: 45 | M12: 30 | N12: 3 | O12: 3 | P12: =IF(AND(ISBLANK(L12),ISBLANK(M12))=TRUE,"",IF(N12>0,VLOOKUP(VALUE(N12&O12),calificacion,2,FALSE),"")) -> ALTA | Q12: =IF(AND(ISBLANK(L12),ISBLANK(M12))=TRUE,"",VLOOKUP(P12,manejo,2,FALSE)) -> Reducir el riesgo, Evitar, Compartir o Transferir | T12: =IF(S12>0,VLOOKUP(R12*S12,ZonaRiesgoCorrup,3,FALSE),"") | U12: =IF(S12>0,VLOOKUP(R12*S12,ZonaRiesgoCorrup2,4,FALSE),"") | X12: =IF(ISBLANK(W12)=TRUE,"",IF(AND(W12>75,R12-2=0),R12-1,IF(AND(W12>75,R12-2>0),R12-2,IF(AND(W12<76,W12>50,R12-1>0),R12-1,R12)))) | Y12: =IF(ISBLANK(W12)=TRUE,"",IF(AND(S12=20,W12>75),"5",IF(AND(S12=20,W12>50,W12<76),"10",IF(AND(S12=20,W12<51),S12,IF(AND(S12=10,W12>50),"5",S12))))) | Z12: =IFERROR(VLOOKUP(X12*Y12,ZonaRiesgoCorrup,3,FALSE),"") | AE12: Reportar a la Gerencia sobre el avance en la ejecución del Plan periodicamente | AF12: Plan de Mejoramiento o choque | AG12: Profesional Especializado G-19 Grupo de Planeación | AH12: Cuatrimestral | AI12: 43160 | AJ12: 43496 | AK12: Tres informes de avance
A13: RIESGO DE PROCESO | B13: DIRECCION (Planeación) | C13: 2 | D13: Manejo incorrecto de la documentación del SICME. | E13: Operativos | F13: Utilización de formatos que no corresponden a la base de documentos del SICME. Cambios a las actividades o procesos que no se documentan o actualizan. | G13: Reprocesos. Actividades irregulares que afectan los procesos. | H13: 4 | I13: Operativo | J13: 3 | K13: =IF(H13>0,VLOOKUP(VALUE(H13&J13),calificacion,2,FALSE),"") -> ALTA | L13: 30 | M13: 25 | N13: =IF(AND(ISBLANK(L13),ISBLANK(M13))=TRUE,"",IF(AND(L13+M13>75,H13-2=0),H13-1,IF(AND(L13+M13>75,H13-2>0),H13-2,IF(AND(L13+M13<76,L13+M13>50,H13-1>0),H13-1,H13)))) -> 3 | O13: =IF(AND(ISBLANK(L13),ISBLANK(M13))=TRUE,"",IF(AND(L13+M13>75,J13-2=0),J13-1,IF(AND(L13+M13>75,J13-2>0),J13-2,IF(AND(L13+M13<76,L13+M13>50,J13-1>0),J13-1,J13)))) -> 2 | P13: =IF(AND(ISBLANK(L13),ISBLANK(M13))=TRUE,"",IF(N13>0,VLOOKUP(VALUE(N13&O13),calificacion,2,FALSE),"")) -> MODERADA | Q13: =IF(AND(ISBLANK(L13),ISBLANK(M13))=TRUE,"",VLOOKUP(P13,manejo,2,FALSE)) -> Asumir el riesgo, Reducir el riesgo | T13: =IF(S13>0,VLOOKUP(R13*S13,ZonaRiesgoCorrup,3,FALSE),"") | U13: =IF(S13>0,VLOOKUP(R13*S13,ZonaRiesgoCorrup2,4,FALSE),"") | X13: =IF(ISBLANK(W13)=TRUE,"",IF(AND(W13>75,R13-2=0),R13-1,IF(AND(W13>75,R13-2>0),R13-2,IF(AND(W13<76,W13>50,R13-1>0),R13-1,R13)))) | Y13: =IF(ISBLANK(W13)=TRUE,"",IF(AND(S13=20,W13>75),"5",IF(AND(S13=20,W13>50,W13<76),"10",IF(AND(S13=20,W13<51),S13,IF(AND(S13=10,W13>50),"5",S13))))) | Z13: =IFERROR(VLOOKUP(X13*Y13,ZonaRiesgoCorrup,3,FALSE),"") | AE13: Realizar revisión de la utilización de los documentos del SICME cuatrimestralmente | AF13: Reporte a la gerencia | AG13: Profesional Especializado G-19 Grupo de Planeación | AH13: Cuatrimestral | AI13: 43160 | AJ13: 43496 | AK13: Tres reportes de utilización y requerimientos de ajustes
A14: RIESGO DE CORRUPCIÓN | B14: DIRECCION (Gerencia) | C14: 3 | D14: Informes de gestión institucionales poco fiables | E14: Operativo | F14: Inexistencia de controles. Cultura de control y seguimiento débiles. Carencia de Talento Humano para realizar control y seguimiento de informes. Información estadística de los informes errónea | G14: Metas estratégicas sobreestimadas. Gestión institucional irreal. Pérdida de confianza pública. | R14: 2 | S14: 10 | T14: =IF(S14>0,VLOOKUP(R14*S14,ZonaRiesgoCorrup,3,FALSE),"") -> 20 Moderada | U14: =IF(S14>0,VLOOKUP(R14*S14,ZonaRiesgoCorrup2,4,FALSE),"") -> Deben tomarse las medidas necesarias para llevar los riesgos a la Zona de Riesgo Baja o eliminarlo | V14: Preventivo | W14: 65 | X14: 1 | Y14: =IF(ISBLANK(W14)=TRUE,"",IF(AND(S14=20,W14>75),"5",IF(AND(S14=20,W14>50,W14<76),"10",IF(AND(S14=20,W14<51),S14,IF(AND(S14=10,W14>50),"5",S14))))) -> 5 | Z14: =IFERROR(VLOOKUP(X14*Y14,ZonaRiesgoCorrup,3,FALSE),"") -> 5 Baja | AA14: 15/01/2018 - 31/01/2019 | AB14: Efectuar control de los informes institucionales consolidados por el área de Planeación | AC14: Tres (3) comunicaciones de revisiones de control | AD14: Asesor(a) de gerencia | AL14: 15/01/2018 - 31/01/2019 | AM14: Verificación de revisiones (3) | AN14: Gerente | AO14: Verificaciones realizadas/verificaciones programadas
A15: RIESGO DE PROCESO | B15: DIRECCION (Atencion al usuario) | C15: 4 | D15: Inexactitud en la informacion registrada en al aplicativo de gestión documental | E15: Operativos | F15: Procesar información inadecuada. Ausencia de controles. Pérfiles inadecuados del personal. | G15: Demanda por falta de respuesta a una peticion. Sanciones disciplinarias. Multas por pagos extemporáneos | H15: 5 | I15: Credibilidad o imagen Legal Operativo | J15: 2 | K15: =IF(H15>0,VLOOKUP(VALUE(H15&J15),calificacion,2,FALSE),"") -> ALTA | L15: 50 | M15: 10 | N15: =IF(AND(ISBLANK(L15),ISBLANK(M15))=TRUE,"",IF(AND(L15+M15>75,H15-2=0),H15-1,IF(AND(L15+M15>75,H15-2>0),H15-2,IF(AND(L15+M15<76,L15+M15>50,H15-1>0),H15-1,H15)))) -> 4 | O15: =IF(AND(ISBLANK(L15),ISBLANK(M15))=TRUE,"",IF(AND(L15+M15>75,J15-2=0),J15-1,IF(AND(L15+M15>75,J15-2>0),J15-2,IF(AND(L15+M15<76,L15+M15>50,J15-1>0),J15-1,J15)))) -> 1 | P15: =IF(AND(ISBLANK(L15),ISBLANK(M15))=TRUE,"",IF(N15>0,VLOOKUP(VALUE(N15&O15),calificacion,2,FALSE),"")) -> MODERADA | Q15: =IF(AND(ISBLANK(L15),ISBLANK(M15))=TRUE,"",VLOOKUP(P15,manejo,2,FALSE)) -> Asumir el riesgo, Reducir el riesgo | T15: =IF(S15>0,VLOOKUP(R15*S15,ZonaRiesgoCorrup,3,FALSE),"") | U15: =IF(S15>0,VLOOKUP(R15*S15,ZonaRiesgoCorrup2,4,FALSE),"") | X15: =IF(ISBLANK(W15)=TRUE,"",IF(AND(W15>75,R15-2=0),R15-1,IF(AND(W15>75,R15-2>0),R15-2,IF(AND(W15<76,W15>50,R15-1>0),R15-1,R15)))) | Y15: =IF(ISBLANK(W15)=TRUE,"",IF(AND(S15=20,W15>75),"5",IF(AND(S15=20,W15>50,W15<76),"10",IF(AND(S15=20,W15<51),S15,IF(AND(S15=10,W15>50),"5",S15))))) | Z15: =IFERROR(VLOOKUP(X15*Y15,ZonaRiesgoCorrup,3,FALSE),"") | AE15: Documentar y mantener control de verificación al momento de la entrega documentos con reporte. | AF15: verificar y reconstruir la información | AG15: Técnico Administrativo G- 16 Atención al Usuario | AH15: Trimestral | AI15: 43102 | AJ15: 43496 | AK15: Controles de verificación en Planillas
A16: RIESGO DE CORRUPCIÓN | B16: DIRECCION (Atencion al usuario) | C16: 5 | D16: Registrar documentos en el aplicativo de gestion documental sin respetar el orden de llegada. | E16: Operativo Imagen | F16: Desconocimiento de la importancia en el cumplimiento de los procedimientos para registro de documentos por orden de llegada. Acumulacion de documentos sin registrar. | G16: Demandas Judiciales. Sanciones Disciplinarias, Administrativas. | K16: =IF(H16>0,VLOOKUP(VALUE(H16&J16),calificacion,2,FALSE),"") | N16: =IF(AND(ISBLANK(L16),ISBLANK(M16))=TRUE,"",IF(AND(L16+M16>75,H16-2=0),H16-1,IF(AND(L16+M16>75,H16-2>0),H16-2,IF(AND(L16+M16<76,L16+M16>50,H16-1>0),H16-1,H16)))) | O16: =IF(AND(ISBLANK(L16),ISBLANK(M16))=TRUE,"",IF(AND(L16+M16>75,J16-2=0),J16-1,IF(AND(L16+M16>75,J16-2>0),J16-2,IF(AND(L16+M16<76,L16+M16>50,J16-1>0),J16-1,J16)))) | P16: =IF(AND(ISBLANK(L16),ISBLANK(M16))=TRUE,"",IF(N16>0,VLOOKUP(VALUE(N16&O16),calificacion,2,FALSE),"")) | Q16: =IF(AND(ISBLANK(L16),ISBLANK(M16))=TRUE,"",VLOOKUP(P16,manejo,2,FALSE)) | R16: 4 | S16: 10 | T16: =IF(S16>0,VLOOKUP(R16*S16,ZonaRiesgoCorrup,3,FALSE),"") -> 40 Alta | U16: =IF(S16>0,VLOOKUP(R16*S16,ZonaRiesgoCorrup2,4,FALSE),"") -> Deben tomarse las medidas necesarias para llevar los riesgos a la Zona de Riesgo Moderada, Baja o eliminarlo | V16: Preventivo | W16: 10 | X16: =IF(ISBLANK(W16)=TRUE,"",IF(AND(W16>75,R16-2=0),R16-1,IF(AND(W16>75,R16-2>0),R16-2,IF(AND(W16<76,W16>50,R16-1>0),R16-1,R16)))) -> 4 | Y16: =IF(ISBLANK(W16)=TRUE,"",IF(AND(S16=20,W16>75),"5",IF(AND(S16=20,W16>50,W16<76),"10",IF(AND(S16=20,W16<51),S16,IF(AND(S16=10,W16>50),"5",S16))))) -> 10 | Z16: =IFERROR(VLOOKUP(X16*Y16,ZonaRiesgoCorrup,3,FALSE),"") -> 40 Alta | AA16: 01/02/2018 - 30/07/2018 | AB16: Documentar e Implementar controles | AC16: Entregar solicitud actualización, creación o modicación de documento a SICME | AD16: Técnico Atención al Usuario | AL16: 43266 | AM16: Verificar registros de realización y aprobación de documento actualizado | AN16: Gerente | AO16: Verificación realizada/verificación programada
A17: RIESGO DE PROCESO | B17: BIENESTAR (Recreación, Cultura y Deporte) | C17: 6 | D17: Giros incorrectos en apoyos educativos | E17: Operativo y Financiero | F17: Deficiencias en la verificación de datos del funcionario | G17: Pérdida de imagen, credibilidad y confianza. | H17: 3 | I17: Credibilidad o imagen y operativo | J17: 2 | K17: =IF(H17>0,VLOOKUP(VALUE(H17&J17),calificacion,2,FALSE),"") -> MODERADA | L17: 45 | M17: 20 | N17: =IF(AND(ISBLANK(L17),ISBLANK(M17))=TRUE,"",IF(AND(L17+M17>75,H17-2=0),H17-1,IF(AND(L17+M17>75,H17-2>0),H17-2,IF(AND(L17+M17<76,L17+M17>50,H17-1>0),H17-1,H17)))) -> 2 | O17: =IF(AND(ISBLANK(L17),ISBLANK(M17))=TRUE,"",IF(AND(L17+M17>75,J17-2=0),J17-1,IF(AND(L17+M17>75,J17-2>0),J17-2,IF(AND(L17+M17<76,L17+M17>50,J17-1>0),J17-1,J17)))) -> 1 | P17: =IF(AND(ISBLANK(L17),ISBLANK(M17))=TRUE,"",IF(N17>0,VLOOKUP(VALUE(N17&O17),calificacion,2,FALSE),"")) -> BAJA | Q17: =IF(AND(ISBLANK(L17),ISBLANK(M17))=TRUE,"",VLOOKUP(P17,manejo,2,FALSE)) -> Asumir el riesgo | T17: =IF(S17>0,VLOOKUP(R17*S17,ZonaRiesgoCorrup,3,FALSE),"") | U17: =IF(S17>0,VLOOKUP(R17*S17,ZonaRiesgoCorrup2,4,FALSE),"") | X17: =IF(ISBLANK(W17)=TRUE,"",IF(AND(W17>75,R17-2=0),R17-1,IF(AND(W17>75,R17-2>0),R17-2,IF(AND(W17<76,W17>50,R17-1>0),R17-1,R17)))) | Y17: =IF(ISBLANK(W17)=TRUE,"",IF(AND(S17=20,W17>75),"5",IF(AND(S17=20,W17>50,W17<76),"10",IF(AND(S17=20,W17<51),S17,IF(AND(S17=10,W17>50),"5",S17))))) | Z17: =IFERROR(VLOOKUP(X17*Y17,ZonaRiesgoCorrup,3,FALSE),"") | AE17: Documentar los controles | AF17: Corrección inmediata de la información | AG17: Profesional Especializado Grado 19 de Recreación, Cultura y Deportes | AH17: Semestral | AI17: 43102 | AJ17: 43220 | AK17: Documento aprobado SICME
A18: RIESGO DE PROCESO | B18: BIENESTAR (Recreación, Cultura y Deporte) | C18: 6 | AG18: Técnico G.14 Gerencias
A19: RIESGO DE PROCESO | B19: BIENESTAR | C19: 7 | D19: Ocurrencia de eventos externos negativos a los usuarios de los servicios del Centro Infantil y Vacaciones Recreativas | E19: Operativo Imagen | F19: Reglas y directrices de comportamiento y requisitos de convivencia no documentadas y comunicadas a los clientes y beneficiarios de los servicios. | G19: Pérdida de imagen, credibilidad y confianza. Demandas | H19: 1 | I19: Legal Operativo Credibilidad o Imagen | J19: 3 | K19: =IF(H19>0,VLOOKUP(VALUE(H19&J19),calificacion,2,FALSE),"") -> MODERADA | L19: 55 | M19: 40 | N19: =IF(AND(ISBLANK(L19),ISBLANK(M19))=TRUE,"",IF(AND(L19+M19>75,H19-2=0),H19-1,IF(AND(L19+M19>75,H19-2>0),H19-2,IF(AND(L19+M19<76,L19+M19>50,H19-1>0),H19-1,H19)))) -> 1 | O19: =IF(AND(ISBLANK(L19),ISBLANK(M19))=TRUE,"",IF(AND(L19+M19>75,J19-2=0),J19-1,IF(AND(L19+M19>75,J19-2>0),J19-2,IF(AND(L19+M19<76,L19+M19>50,J19-1>0),J19-1,J19)))) -> 1 | P19: =IF(AND(ISBLANK(L19),ISBLANK(M19))=TRUE,"",IF(N19>0,VLOOKUP(VALUE(N19&O19),calificacion,2,FALSE),"")) -> BAJA | Q19: =IF(AND(ISBLANK(L19),ISBLANK(M19))=TRUE,"",VLOOKUP(P19,manejo,2,FALSE)) -> Asumir el riesgo | T19: =IF(S19>0,VLOOKUP(R19*S19,ZonaRiesgoCorrup,3,FALSE),"") | U19: =IF(S19>0,VLOOKUP(R19*S19,ZonaRiesgoCorrup2,4,FALSE),"") | X19: =IF(ISBLANK(W19)=TRUE,"",IF(AND(W19>75,R19-2=0),R19-1,IF(AND(W19>75,R19-2>0),R19-2,IF(AND(W19<76,W19>50,R19-1>0),R19-1,R19)))) | Y19: =IF(ISBLANK(W19)=TRUE,"",IF(AND(S19=20,W19>75),"5",IF(AND(S19=20,W19>50,W19<76),"10",IF(AND(S19=20,W19<51),S19,IF(AND(S19=10,W19>50),"5",S19))))) | Z19: =IFERROR(VLOOKUP(X19*Y19,ZonaRiesgoCorrup,3,FALSE),"") | AE19: Presentar el reglamento de los servicios al área Jurídica para revisión y aprobación del mismo | AF19: En caso de accidentes en vacaciones recreativas, recurrir al plan de emergencias aprobado para el contratista. En caso de accidentes el Centro Infantil, recurrir al plan de emergencia de la Entidad. | AG19: Profesional Especializado G-19 del Grupo de Recreación, cultura y Deportes | AH19: Semestral | AI19: 43102 | AJ19: 43217 | AK19: Reglamento aprobado
A20: RIESGO DE PROCESO | B20: BIENESTAR (Centro Médico) | C20: 8 | D20: Cierre del programa de Salud Centro Médico por parte de los entes de Control. | E20: Estratégico Operativo De Cumplimiento | F20: Incumplimiento estándares de habilitación de acuerdo con lo establecido en la Resolución No 2003 de 2014 del Min. Salud Priorización del riesgo para la disposición de recursos por parte de la Alta Dirección. El presupuesto asignado no se ajusta a los requirimientos relacionados en la proyeccion del Plan de Adquisiones para la vigencia. Talento humano insuficiente para garantizar la prestación del servicio de salud, de acuerdo con la estructura en salud y los servicios habilitados. | G20: Económicas, de información, de bienes, de imagen, de credibilidad y de confianza, interrupción del servicio | H20: 5 | I20: Legal | J20: 5 | K20: EXTREMA | L20: 15 | M20: 15 | N20: =IF(AND(ISBLANK(L20),ISBLANK(M20))=TRUE,"",IF(AND(L20+M20>75,H20-2=0),H20-1,IF(AND(L20+M20>75,H20-2>0),H20-2,IF(AND(L20+M20<76,L20+M20>50,H20-1>0),H20-1,H20)))) -> 5 | O20: =IF(AND(ISBLANK(L20),ISBLANK(M20))=TRUE,"",IF(AND(L20+M20>75,J20-2=0),J20-1,IF(AND(L20+M20>75,J20-2>0),J20-2,IF(AND(L20+M20<76,L20+M20>50,J20-1>0),J20-1,J20)))) -> 5 | P20: =IF(AND(ISBLANK(L20),ISBLANK(M20))=TRUE,"",IF(N20>0,VLOOKUP(VALUE(N20&O20),calificacion,2,FALSE),"")) -> EXTREMA | Q20: =IF(AND(ISBLANK(L20),ISBLANK(M20))=TRUE,"",VLOOKUP(P20,manejo,2,FALSE)) -> Reducir el riesgo, Evitar, Compartir o Transferir | T20: =IF(S20>0,VLOOKUP(R20*S20,ZonaRiesgoCorrup,3,FALSE),"") | U20: =IF(S20>0,VLOOKUP(R20*S20,ZonaRiesgoCorrup2,4,FALSE),"") | X20: =IF(ISBLANK(W20)=TRUE,"",IF(AND(W20>75,R20-2=0),R20-1,IF(AND(W20>75,R20-2>0),R20-2,IF(AND(W20<76,W20>50,R20-1>0),R20-1,R20)))) | Y20: =IF(ISBLANK(W20)=TRUE,"",IF(AND(S20=20,W20>75),"5",IF(AND(S20=20,W20>50,W20<76),"10",IF(AND(S20=20,W20<51),S20,IF(AND(S20=10,W20>50),"5",S20))))) | Z20: =IFERROR(VLOOKUP(X20*Y20,ZonaRiesgoCorrup,3,FALSE),"") | AE20: Autoevaluación realizada, mensualmente, por parte del Comite Técnico del Programa de Salud. Autoevaluación, Seguimiento y Control del cumplimiento de los estándares de habilitación por parte del Comite Directivo. | AF20: Plan de choque por parte de la Alta dirección | AG20: Director(a) de Desarrollo y Bienestar | AH20: Trimestral | AI20: 43102 | AJ20: 43496 | AK20: Actas de Comité Técnico del programa Salud - Centro Médico
A21: RIESGO DE CORRUPCIÓN | B21: BIENESTAR (Centro Médico) | C21: 9 | D21: Manipulación de la información de pagos de prestación del servicio para beneficio propio o de terceros | E21: Operativo Financiero | F21: Debilidades en los controles sobre los ingresos generados por el servicio. Aplicativo en desarrollo de mecanismos de controles que apoyen el seguimiento y manejo de los ingresos generados. Carencia de personal de planta que adelante actividades administrativas contínuas de seguimiento y control en el Centro Médito | G21: Pérdidas económicas, de confianza, sanciones disciplinarias | H21: 3 | I21: Legal, operativo. | P21: =IF(AND(ISBLANK(L21),ISBLANK(M21))=TRUE,"",IF(N21>0,VLOOKUP(VALUE(N21&O21),calificacion,2,FALSE),"")) | R21: 3 | S21: 10 | T21: =IF(S21>0,VLOOKUP(R21*S21,ZonaRiesgoCorrup,3,FALSE),"") -> 30 Alta | U21: =IF(S21>0,VLOOKUP(R21*S21,ZonaRiesgoCorrup2,4,FALSE),"") -> Deben tomarse las medidas necesarias para llevar los riesgos a la Zona de Riesgo Moderada, Baja o eliminarlo | V21: Preventivo | W21: 0 | X21: 2 | Y21: =IF(ISBLANK(W21)=TRUE,"",IF(AND(S21=20,W21>75),"5",IF(AND(S21=20,W21>50,W21<76),"10",IF(AND(S21=20,W21<51),S21,IF(AND(S21=10,W21>50),"5",S21))))) -> 10 | Z21: =IFERROR(VLOOKUP(X21*Y21,ZonaRiesgoCorrup,3,FALSE),"") -> 20 Moderada | AA21: 01/02/2018 - 20/12/2018 | AB21: Requerir al proveedor del aplicativo del Centro Médico para que implemente mayores mecanismos de control. Realizar controles mensuales. | AC21: Solicitud e implementación de mejoras en el aplicativo Registros de controles | AD21: Profesional de apoyo a la gestión del Centro Médico | AL21: 01/02/2018 - 20/12/2018 | AM21: Reportes de controles revisados | AN21: Director(a) de Desarrollo y Bienestar | AO21: Reportes revisados/reportes programados
A22: RIESGO DE PROCESO | B22: BIENESTAR (Centro Médico) | C22: 10 | D22: Disminución de la demanda del servicio | E22: Estratégico Operativo De Cumplimiento | F22: Carencia de cultura de trabajo por resultados y en equipo. Bajos niveles de compromiso del Talento Humano | G22: Pérdida de imagen, credibilidad, incremento en PQRS, econónimca | H22: 5 | I22: Operativo | J22: 5 | K22: EXTREMA | L22: 15 | M22: 0 | N22: =IF(AND(ISBLANK(L22),ISBLANK(M22))=TRUE,"",IF(AND(L22+M22>75,H22-2=0),H22-1,IF(AND(L22+M22>75,H22-2>0),H22-2,IF(AND(L22+M22<76,L22+M22>50,H22-1>0),H22-1,H22)))) -> 5 | O22: =IF(AND(ISBLANK(L22),ISBLANK(M22))=TRUE,"",IF(AND(L22+M22>75,J22-2=0),J22-1,IF(AND(L22+M22>75,J22-2>0),J22-2,IF(AND(L22+M22<76,L22+M22>50,J22-1>0),J22-1,J22)))) -> 5 | P22: =IF(AND(ISBLANK(L22),ISBLANK(M22))=TRUE,"",IF(N22>0,VLOOKUP(VALUE(N22&O22),calificacion,2,FALSE),"")) -> EXTREMA | Q22: =IF(AND(ISBLANK(L22),ISBLANK(M22))=TRUE,"",VLOOKUP(P22,manejo,2,FALSE)) -> Reducir el riesgo, Evitar, Compartir o Transferir | T22: =IF(S22>0,VLOOKUP(R22*S22,ZonaRiesgoCorrup,3,FALSE),"") | U22: =IF(S22>0,VLOOKUP(R22*S22,ZonaRiesgoCorrup2,4,FALSE),"") | X22: =IF(ISBLANK(W22)=TRUE,"",IF(AND(W22>75,R22-2=0),R22-1,IF(AND(W22>75,R22-2>0),R22-2,IF(AND(W22<76,W22>50,R22-1>0),R22-1,R22)))) | Y22: =IF(ISBLANK(W22)=TRUE,"",IF(AND(S22=20,W22>75),"5",IF(AND(S22=20,W22>50,W22<76),"10",IF(AND(S22=20,W22<51),S22,IF(AND(S22=10,W22>50),"5",S22))))) | Z22: =IFERROR(VLOOKUP(X22*Y22,ZonaRiesgoCorrup,3,FALSE),"") | AE22: Efectuar tres (3) talleres con el fin de mejorar trabajo en equipo y compromiso con la entidad. Presentar novedades de personal a más tardar dentro de las 24 horas de sucedido los hechos relacionados con el Talento Humano | AF22: Con afectación del servicio, remitir casos a Asuntos Disciplinarios | AG22: Profesional de apoyo grupo Programa de Salud Centro Médico | AH22: Cuatrimestral | AI22: 43102 | AJ22: 43496 | AK22: Registro de asistencia a talleres, registros de comunicaciones sobre las novedades con el Talento Humano del Grupo
A23: RIESGO DE PROCESO | B23: SERVICIOS FINANCIEROS (Cesantías) | C23: 11 | D23: Extemporaneidad en el pago de las cesantías | E23: Financiero Cumplimiento Imagen | F23: Déficit presupuestal en el rubro de cesantías. Menor valor aprobado del PAC requerido. Baja gestión para la consecución de recursos. | G23: Reclamos y demandas por parte de los funcionarios. | H23: 4 | I23: Credibilidad o Imagen Legal Operativo | J23: 2 | K23: ALTA | L23: 0 | M23: 0 | N23: =IF(AND(ISBLANK(L23),ISBLANK(M23))=TRUE,"",IF(AND(L23+M23>75,H23-2=0),H23-1,IF(AND(L23+M23>75,H23-2>0),H23-2,IF(AND(L23+M23<76,L23+M23>50,H23-1>0),H23-1,H23)))) -> 4 | O23: =IF(AND(ISBLANK(L23),ISBLANK(M23))=TRUE,"",IF(AND(L23+M23>75,J23-2=0),J23-1,IF(AND(L23+M23>75,J23-2>0),J23-2,IF(AND(L23+M23<76,L23+M23>50,J23-1>0),J23-1,J23)))) -> 2 | P23: =IF(AND(ISBLANK(L23),ISBLANK(M23))=TRUE,"",IF(N23>0,VLOOKUP(VALUE(N23&O23),calificacion,2,FALSE),"")) -> ALTA | Q23: =IF(AND(ISBLANK(L23),ISBLANK(M23))=TRUE,"",VLOOKUP(P23,manejo,2,FALSE)) -> Reducir el riesgo, Evitar, Compartir o Transferir | T23: =IF(S23>0,VLOOKUP(R23*S23,ZonaRiesgoCorrup,3,FALSE),"") | U23: =IF(S23>0,VLOOKUP(R23*S23,ZonaRiesgoCorrup2,4,FALSE),"") | X23: =IF(ISBLANK(W23)=TRUE,"",IF(AND(W23>75,R23-2=0),R23-1,IF(AND(W23>75,R23-2>0),R23-2,IF(AND(W23<76,W23>50,R23-1>0),R23-1,R23)))) | Y23: =IF(ISBLANK(W23)=TRUE,"",IF(AND(S23=20,W23>75),"5",IF(AND(S23=20,W23>50,W23<76),"10",IF(AND(S23=20,W23<51),S23,IF(AND(S23=10,W23>50),"5",S23))))) | Z23: =IFERROR(VLOOKUP(X23*Y23,ZonaRiesgoCorrup,3,FALSE),"") | AE23: Informe necesidades presupuestales periódicos (mensuales) | AF23: Tramitar las solicitudes ante el Ministerio de Hacienda y Crédito Público para modificaciones al presupuesto | AG23: Profesional universitario Grupo de Cesantías | AH23: Mensual | AI23: 43252 | AJ23: 43449 | AK23: Informe de necesidades presupuestales cesantías
A24: RIESGO DE PROCESO | B24: SERVICIOS FINANCIEROS (Cesantías) | C24: 12 | D24: Inexactitud de los datos ingresados a las hojas de cálculo para realizar trámite de pago de cesantías | E24: Operativos Financieros De Imagen | F24: Software que no responde a las necesidades específicas para el manejo de las cesantías. Errores humanos en reportes generados por la CGR y en el FBS. Inexactitud en la información reportada por los usuarios al momento de la solictud. Oportunidad en la información de novedades por parte de la CGR y FBS. Rotación de Personal. Pérdida de datos por accidente | G24: Proyectar actos administrativos con mayores o menores valores para pago. Reclamos por parte de los funcionarios. Mayor tiempo en el desarrollo de los procesos. Procesos Disciplinarios. | H24: 4 | I24: Credibilidad o Imagen Legal Operativo | J24: 3 | K24: ALTA | L24: 35 | M24: 40 | N24: =IF(AND(ISBLANK(L24),ISBLANK(M24))=TRUE,"",IF(AND(L24+M24>75,H24-2=0),H24-1,IF(AND(L24+M24>75,H24-2>0),H24-2,IF(AND(L24+M24<76,L24+M24>50,H24-1>0),H24-1,H24)))) -> 3 | O24: =IF(AND(ISBLANK(L24),ISBLANK(M24))=TRUE,"",IF(AND(L24+M24>75,J24-2=0),J24-1,IF(AND(L24+M24>75,J24-2>0),J24-2,IF(AND(L24+M24<76,L24+M24>50,J24-1>0),J24-1,J24)))) -> 2 | P24: =IF(AND(ISBLANK(L24),ISBLANK(M24))=TRUE,"",IF(N24>0,VLOOKUP(VALUE(N24&O24),calificacion,2,FALSE),"")) -> MODERADA | Q24: =IF(AND(ISBLANK(L24),ISBLANK(M24))=TRUE,"",VLOOKUP(P24,manejo,2,FALSE)) -> Asumir el riesgo, Reducir el riesgo | T24: =IF(S24>0,VLOOKUP(R24*S24,ZonaRiesgoCorrup,3,FALSE),"") | U24: =IF(S24>0,VLOOKUP(R24*S24,ZonaRiesgoCorrup2,4,FALSE),"") | X24: =IF(ISBLANK(W24)=TRUE,"",IF(AND(W24>75,R24-2=0),R24-1,IF(AND(W24>75,R24-2>0),R24-2,IF(AND(W24<76,W24>50,R24-1>0),R24-1,R24)))) | Y24: =IF(ISBLANK(W24)=TRUE,"",IF(AND(S24=20,W24>75),"5",IF(AND(S24=20,W24>50,W24<76),"10",IF(AND(S24=20,W24<51),S24,IF(AND(S24=10,W24>50),"5",S24))))) | Z24: =IFERROR(VLOOKUP(X24*Y24,ZonaRiesgoCorrup,3,FALSE),"") | AE24: Controles, seguimientos, revisiones contínuos y conciliaciones. | AF24: Actos administrativos y ajustes presupuestales | AG24: Profesional universitario Grupo de Cesantías | AH24: Diario | AI24: 43209 | AJ24: 43465 | AK24: Registros de control
A25: RIESGO DE PROCESO | B25: SERVICIOS FINANCIEROS (Cesantías) | C25: 13 | D25: Pérdida información archivos digitales | E25: Tecnología | F25: Limitaciones para la generación de copias de seguridad diarias de los archivos digitales existentes. El área de cesantías no cuenta con una herramienta, aplicativo o base de datos eficiente que permita gestionar las solicitudes y realizar un seguimiento ágil y eficaz de las cesantías. Falta integridad y seguridad en las hojas de cálculo existentes. | G25: Pago no oportuno de las cesantías. Atraso en los procesos. Apertura procesos discilinarios. Quejas por los funcionarios de la CGR y FBS. Interrupción del servicio | H25: 3 | I25: Credibilidad o Imagen Legal Operativo | J25: 4 | K25: EXTREMA | L25: 40 | M25: 15 | N25: =IF(AND(ISBLANK(L25),ISBLANK(M25))=TRUE,"",IF(AND(L25+M25>75,H25-2=0),H25-1,IF(AND(L25+M25>75,H25-2>0),H25-2,IF(AND(L25+M25<76,L25+M25>50,H25-1>0),H25-1,H25)))) -> 2 | O25: =IF(AND(ISBLANK(L25),ISBLANK(M25))=TRUE,"",IF(AND(L25+M25>75,J25-2=0),J25-1,IF(AND(L25+M25>75,J25-2>0),J25-2,IF(AND(L25+M25<76,L25+M25>50,J25-1>0),J25-1,J25)))) -> 3 | P25: =IF(AND(ISBLANK(L25),ISBLANK(M25))=TRUE,"",IF(N25>0,VLOOKUP(VALUE(N25&O25),calificacion,2,FALSE),"")) -> MODERADA | Q25: =IF(AND(ISBLANK(L25),ISBLANK(M25))=TRUE,"",VLOOKUP(P25,manejo,2,FALSE)) -> Asumir el riesgo, Reducir el riesgo | T25: =IF(S25>0,VLOOKUP(R25*S25,ZonaRiesgoCorrup,3,FALSE),"") | U25: =IF(S25>0,VLOOKUP(R25*S25,ZonaRiesgoCorrup2,4,FALSE),"") | X25: =IF(ISBLANK(W25)=TRUE,"",IF(AND(W25>75,R25-2=0),R25-1,IF(AND(W25>75,R25-2>0),R25-2,IF(AND(W25<76,W25>50,R25-1>0),R25-1,R25)))) | Y25: =IF(ISBLANK(W25)=TRUE,"",IF(AND(S25=20,W25>75),"5",IF(AND(S25=20,W25>50,W25<76),"10",IF(AND(S25=20,W25<51),S25,IF(AND(S25=10,W25>50),"5",S25))))) | Z25: =IFERROR(VLOOKUP(X25*Y25,ZonaRiesgoCorrup,3,FALSE),"") | AE25: Generar copias de seguridad diarias de los archivos digitales | AF25: Restaurar la información | AG25: Profesional universitario Grupo de Cesantías | AH25: Diaria | AI25: 43102 | AJ25: 43465 | AK25: Copias de seguridad generadas
A26: RIESGO DE PROCESO | B26: SERVICIOS FINANCIEROS (Cesantías) | C26: 13 | AE26: Generar copias de seguridad mensual de los archivos digitales | AF26: Restaurar la información | AG26: Profesional Especializado grupo de Sistemas | AH26: Mensual | AI26: 43102 | AJ26: 43465 | AK26: Copias de seguridad generadas
A27: RIESGO DE PROCESO | B27: SERVICIOS FINANCIEROS (Crédito) | C27: 14 | D27: Pérdida de los recursos presupuestales por no uso de los mismos dentro de la respectiva vigencia | E27: Financieros | F27: Incumplimiento de los terminos para la legalización de los créditos | G27: Menor captación de recursos Pérdida de imagen | H27: 3 | I27: Operativo | J27: 4 | K27: =IF(H27>0,VLOOKUP(VALUE(H27&J27),calificacion,2,FALSE),"") -> EXTREMA | L27: 15 | M27: 15 | N27: =IF(AND(ISBLANK(L27),ISBLANK(M27))=TRUE,"",IF(AND(L27+M27>75,H27-2=0),H27-1,IF(AND(L27+M27>75,H27-2>0),H27-2,IF(AND(L27+M27<76,L27+M27>50,H27-1>0),H27-1,H27)))) -> 3 | O27: =IF(AND(ISBLANK(L27),ISBLANK(M27))=TRUE,"",IF(AND(L27+M27>75,J27-2=0),J27-1,IF(AND(L27+M27>75,J27-2>0),J27-2,IF(AND(L27+M27<76,L27+M27>50,J27-1>0),J27-1,J27)))) -> 4 | P27: =IF(AND(ISBLANK(L27),ISBLANK(M27))=TRUE,"",IF(N27>0,VLOOKUP(VALUE(N27&O27),calificacion,2,FALSE),"")) -> EXTREMA | Q27: =IF(AND(ISBLANK(L27),ISBLANK(M27))=TRUE,"",VLOOKUP(P27,manejo,2,FALSE)) -> Reducir el riesgo, Evitar, Compartir o Transferir | T27: =IF(S27>0,VLOOKUP(R27*S27,ZonaRiesgoCorrup,3,FALSE),"") | U27: =IF(S27>0,VLOOKUP(R27*S27,ZonaRiesgoCorrup2,4,FALSE),"") | X27: =IF(ISBLANK(W27)=TRUE,"",IF(AND(W27>75,R27-2=0),R27-1,IF(AND(W27>75,R27-2>0),R27-2,IF(AND(W27<76,W27>50,R27-1>0),R27-1,R27)))) | Y27: =IF(ISBLANK(W27)=TRUE,"",IF(AND(S27=20,W27>75),"5",IF(AND(S27=20,W27>50,W27<76),"10",IF(AND(S27=20,W27<51),S27,IF(AND(S27=10,W27>50),"5",S27))))) | Z27: =IFERROR(VLOOKUP(X27*Y27,ZonaRiesgoCorrup,3,FALSE),"") | AE27: Reasignación y/o redistribuición de los recursos presupuestales asignados para el programa de crédito. | AF27: Elaborar y ejecutar Plan de choque | AG27: Profesional Especializado G -19 grupo de crédito. | AH27: Semestral | AI27: 43221 | AJ27: 43404 | AK27: Actas de reasignación y/o redistribución
A28: RIESGO DE PROCESO | B28: SERVICIOS FINANCIEROS (Crédito) | C28: 15 | D28: Pérdida de los soportes de garantías de los créditos | E28: Financieros Operativos | F28: Desconocimiento normas sobre el manejo de tíitulos. Manejo, responsabilidad y guarda de los títulos | G28: Procesos disciplinarios o fiscales. | H28: 3 | I28: Operativo | J28: 3 | K28: =IF(H28>0,VLOOKUP(VALUE(H28&J28),calificacion,2,FALSE),"") -> ALTA | L28: 50 | M28: 10 | N28: =IF(AND(ISBLANK(L28),ISBLANK(M28))=TRUE,"",IF(AND(L28+M28>75,H28-2=0),H28-1,IF(AND(L28+M28>75,H28-2>0),H28-2,IF(AND(L28+M28<76,L28+M28>50,H28-1>0),H28-1,H28)))) -> 2 | O28: =IF(AND(ISBLANK(L28),ISBLANK(M28))=TRUE,"",IF(AND(L28+M28>75,J28-2=0),J28-1,IF(AND(L28+M28>75,J28-2>0),J28-2,IF(AND(L28+M28<76,L28+M28>50,J28-1>0),J28-1,J28)))) -> 2 | P28: =IF(AND(ISBLANK(L28),ISBLANK(M28))=TRUE,"",IF(N28>0,VLOOKUP(VALUE(N28&O28),calificacion,2,FALSE),"")) -> BAJA | Q28: =IF(AND(ISBLANK(L28),ISBLANK(M28))=TRUE,"",VLOOKUP(P28,manejo,2,FALSE)) -> Asumir el riesgo | T28: =IF(S28>0,VLOOKUP(R28*S28,ZonaRiesgoCorrup,3,FALSE),"") | U28: =IF(S28>0,VLOOKUP(R28*S28,ZonaRiesgoCorrup2,4,FALSE),"") | X28: =IF(ISBLANK(W28)=TRUE,"",IF(AND(W28>75,R28-2=0),R28-1,IF(AND(W28>75,R28-2>0),R28-2,IF(AND(W28<76,W28>50,R28-1>0),R28-1,R28)))) | Y28: =IF(ISBLANK(W28)=TRUE,"",IF(AND(S28=20,W28>75),"5",IF(AND(S28=20,W28>50,W28<76),"10",IF(AND(S28=20,W28<51),S28,IF(AND(S28=10,W28>50),"5",S28))))) | Z28: =IFERROR(VLOOKUP(X28*Y28,ZonaRiesgoCorrup,3,FALSE),"") | AE28: Desarrollar de manera efectiva las actividades de gestion documental y conservación de archivos | AF28: Realizar procedimiento de reconocimiento de título. | AG28: Profesional Especializado G -19 grupo de crédito. | AH28: Semestral | AI28: 43115 | AJ28: 43465 | AK28: Archivos de gestión actualizados
A29: RIESGO DE CORRUPCIÓN | B29: SERVICIOS FINANCIEROS (Crédito) | C29: 16 | D29: Otorgar créditos sin el lleno de los requisitos establecidos para beneficio personal o de terceros. | E29: Cumplimiento Operativo | F29: Deficiencia en la verificación documental y los controles de la información | G29: Pérdida de confianza en los servicios de crédito que brinda la entidad | K29: =IF(H29>0,VLOOKUP(VALUE(H29&J29),calificacion,2,FALSE),"") | N29: =IF(AND(ISBLANK(L29),ISBLANK(M29))=TRUE,"",IF(AND(L29+M29>75,H29-2=0),H29-1,IF(AND(L29+M29>75,H29-2>0),H29-2,IF(AND(L29+M29<76,L29+M29>50,H29-1>0),H29-1,H29)))) | O29: =IF(AND(ISBLANK(L29),ISBLANK(M29))=TRUE,"",IF(AND(L29+M29>75,J29-2=0),J29-1,IF(AND(L29+M29>75,J29-2>0),J29-2,IF(AND(L29+M29<76,L29+M29>50,J29-1>0),J29-1,J29)))) | P29: =IF(AND(ISBLANK(L29),ISBLANK(M29))=TRUE,"",IF(N29>0,VLOOKUP(VALUE(N29&O29),calificacion,2,FALSE),"")) | Q29: =IF(AND(ISBLANK(L29),ISBLANK(M29))=TRUE,"",VLOOKUP(P29,manejo,2,FALSE)) | R29: 1 | S29: 10 | T29: =IF(S29>0,VLOOKUP(R29*S29,ZonaRiesgoCorrup,3,FALSE),"") -> 10 Baja | U29: =IF(S29>0,VLOOKUP(R29*S29,ZonaRiesgoCorrup2,4,FALSE),"") -> Se encuentran en un nivel que puede eliminarse o reducirse fácilmente con los controles establecidos en la entidad. | V29: Preventivo | W29: 50 | X29: =IF(ISBLANK(W29)=TRUE,"",IF(AND(W29>75,R29-2=0),R29-1,IF(AND(W29>75,R29-2>0),R29-2,IF(AND(W29<76,W29>50,R29-1>0),R29-1,R29)))) -> 1 | Y29: =IF(ISBLANK(W29)=TRUE,"",IF(AND(S29=20,W29>75),"5",IF(AND(S29=20,W29>50,W29<76),"10",IF(AND(S29=20,W29<51),S29,IF(AND(S29=10,W29>50),"5",S29))))) -> 10 | Z29: =IFERROR(VLOOKUP(X29*Y29,ZonaRiesgoCorrup,3,FALSE),"") -> 10 Baja | AA29: 01/02/2018 - 10/12/2018 | AB29: Efectuar una revisión de autocontrol por modalidad de crédito del cumplimiento y registro de información según requisitos | AC29: Cuadro de reporte de revisión y resultados | AD29: Profesiona G. 19 grupo Crédito | AL29: 01/02/2018 - 10/12/2018 | AM29: Registros de reportes de revisión (3) | AN29: Profesional Esp. Grado 19 Crédito | AO29: Revisiones de autocontrol realizadas/ revisiones de autocontrol programadas
A30: RIESGO DE CORRUPCIÓN | B30: SERVICIOS FINANCIEROS (Crédito) | C30: 16 | AA30: 01/02/2018 - 30/03/2018 | AB30: Realizar verificación en el precomité de créditos de vivienda | AC30: Actas de verificación del precomité de créditos | AD30: Profesiona G. 19 grupo Crédito | AL30: 15/01/2018 - 30/03/2018 | AM30: Registros de actas | AN30: Profesional Esp. Grado 19 Crédito | AO30: Verificaciones realizadas/verificaciones programadas (3)
A31: RIESGO DE CORRUPCIÓN | B31: APOYO (Sistemas e Informática) | C31: 17 | D31: Pérdida o alteración de información de los aplicativos de la entidad para beneficio propio de terceros. | E31: Tecnología | F31: Aumento de riesgos de vulneración de aplicativos. Desconocimiento de uso o aplicación de herramientas de control o auditoría de los aplicativos | G31: Pérdida de información, recursos, daño a los aplicativos | K31: =IF(H31>0,VLOOKUP(VALUE(H31&J31),calificacion,2,FALSE),"") | N31: =IF(AND(ISBLANK(L31),ISBLANK(M31))=TRUE,"",IF(AND(L31+M31>75,H31-2=0),H31-1,IF(AND(L31+M31>75,H31-2>0),H31-2,IF(AND(L31+M31<76,L31+M31>50,H31-1>0),H31-1,H31)))) | O31: =IF(AND(ISBLANK(L31),ISBLANK(M31))=TRUE,"",IF(AND(L31+M31>75,J31-2=0),J31-1,IF(AND(L31+M31>75,J31-2>0),J31-2,IF(AND(L31+M31<76,L31+M31>50,J31-1>0),J31-1,J31)))) | P31: =IF(AND(ISBLANK(L31),ISBLANK(M31))=TRUE,"",IF(N31>0,VLOOKUP(VALUE(N31&O31),calificacion,2,FALSE),"")) | Q31: =IF(AND(ISBLANK(L31),ISBLANK(M31))=TRUE,"",VLOOKUP(P31,manejo,2,FALSE)) | R31: 1 | S31: 10 | T31: =IF(S31>0,VLOOKUP(R31*S31,ZonaRiesgoCorrup,3,FALSE),"") -> 10 Baja | U31: =IF(S31>0,VLOOKUP(R31*S31,ZonaRiesgoCorrup2,4,FALSE),"") -> Se encuentran en un nivel que puede eliminarse o reducirse fácilmente con los controles establecidos en la entidad. | V31: Preventivo | W31: 15 | X31: =IF(ISBLANK(W31)=TRUE,"",IF(AND(W31>75,R31-2=0),R31-1,IF(AND(W31>75,R31-2>0),R31-2,IF(AND(W31<76,W31>50,R31-1>0),R31-1,R31)))) -> 1 | Y31: =IF(ISBLANK(W31)=TRUE,"",IF(AND(S31=20,W31>75),"5",IF(AND(S31=20,W31>50,W31<76),"10",IF(AND(S31=20,W31<51),S31,IF(AND(S31=10,W31>50),"5",S31))))) -> 10 | Z31: =IFERROR(VLOOKUP(X31*Y31,ZonaRiesgoCorrup,3,FALSE),"") -> 10 Baja | AA31: 01/02/2018 - 15/07/2018 | AB31: Hacer ajustes en aplicativos para disminuir riesgos de manipulación de información | AC31: Dos (2) aplicativos ajustados | AD31: Profesional G 14 Grupo Sistemas e Informática | AL31: 43266 | AM31: Seguimiento de cumplimiento | AN31: Director(a) Administrativo(a) y Financiero(a) | AO31: Seguimiento realizado/seguimiento programado (1)
A32: RIESGO DE PROCESO | B32: APOYO (Contratación) | C32: 18 | D32: Omisiones que conlleven a incumplir el principio de publicidad | E32: Cumplimiento | F32: Deficiencias en la organización de los procesos | G32: Perdidad de credibilidad y buena imagen de la entidad frente a terceros. Sanciones Disciplinarias | H32: 5 | I32: Credibilidad o Imagen, Legal | J32: 4 | K32: EXTREMA | L32: 35 | M32: 25 | N32: =IF(AND(ISBLANK(L32),ISBLANK(M32))=TRUE,"",IF(AND(L32+M32>75,H32-2=0),H32-1,IF(AND(L32+M32>75,H32-2>0),H32-2,IF(AND(L32+M32<76,L32+M32>50,H32-1>0),H32-1,H32)))) -> 4 | O32: =IF(AND(ISBLANK(L32),ISBLANK(M32))=TRUE,"",IF(AND(L32+M32>75,J32-2=0),J32-1,IF(AND(L32+M32>75,J32-2>0),J32-2,IF(AND(L32+M32<76,L32+M32>50,J32-1>0),J32-1,J32)))) -> 3 | P32: =IF(AND(ISBLANK(L32),ISBLANK(M32))=TRUE,"",IF(N32>0,VLOOKUP(VALUE(N32&O32),calificacion,2,FALSE),"")) -> ALTA | Q32: =IF(AND(ISBLANK(L32),ISBLANK(M32))=TRUE,"",VLOOKUP(P32,manejo,2,FALSE)) -> Reducir el riesgo, Evitar, Compartir o Transferir | T32: =IF(S32>0,VLOOKUP(R32*S32,ZonaRiesgoCorrup,3,FALSE),"") | U32: =IF(S32>0,VLOOKUP(R32*S32,ZonaRiesgoCorrup2,4,FALSE),"") | X32: =IF(ISBLANK(W32)=TRUE,"",IF(AND(W32>75,R32-2=0),R32-1,IF(AND(W32>75,R32-2>0),R32-2,IF(AND(W32<76,W32>50,R32-1>0),R32-1,R32)))) | Y32: =IF(ISBLANK(W32)=TRUE,"",IF(AND(S32=20,W32>75),"5",IF(AND(S32=20,W32>50,W32<76),"10",IF(AND(S32=20,W32<51),S32,IF(AND(S32=10,W32>50),"5",S32))))) | Z32: =IFERROR(VLOOKUP(X32*Y32,ZonaRiesgoCorrup,3,FALSE),"") | AE32: Revisión y control tres veces a la semana de las publicaciones al Secop | AF32: Plan de Choque para registro de la informacion en el aplicativo del Estado. | AG32: Profesional Especializado Grado 14-Contratacion | AH32: Trimestral | AI32: 43132 | AJ32: 43449 | AK32: Cuadro de control de contratacion
A33: RIESGO DE PROCESO | B33: APOYO (Contratación) | C33: 19 | D33: Deficiencias en los mecanismos de control en la custodia de los documentos soportes de los procesos contractuales. | E33: Cumplimiento | F33: Inadecuado seguimiento a la Supervision Deficiencias en la organización de los procesos | G33: Controversia judicial en contra de la entidad. Inadecuado cumplimiento del objeto contractual | H33: 5 | I33: Confidencialidad de la informacion Credibilidad o Imagen Legal Operativo | J33: 4 | K33: EXTREMA | L33: 40 | M33: 15 | N33: =IF(AND(ISBLANK(L33),ISBLANK(M33))=TRUE,"",IF(AND(L33+M33>75,H33-2=0),H33-1,IF(AND(L33+M33>75,H33-2>0),H33-2,IF(AND(L33+M33<76,L33+M33>50,H33-1>0),H33-1,H33)))) -> 4 | O33: =IF(AND(ISBLANK(L33),ISBLANK(M33))=TRUE,"",IF(AND(L33+M33>75,J33-2=0),J33-1,IF(AND(L33+M33>75,J33-2>0),J33-2,IF(AND(L33+M33<76,L33+M33>50,J33-1>0),J33-1,J33)))) -> 3 | P33: =IF(AND(ISBLANK(L33),ISBLANK(M33))=TRUE,"",IF(N33>0,VLOOKUP(VALUE(N33&O33),calificacion,2,FALSE),"")) -> ALTA | Q33: =IF(AND(ISBLANK(L33),ISBLANK(M33))=TRUE,"",VLOOKUP(P33,manejo,2,FALSE)) -> Reducir el riesgo, Evitar, Compartir o Transferir | T33: =IF(S33>0,VLOOKUP(R33*S33,ZonaRiesgoCorrup,3,FALSE),"") | U33: =IF(S33>0,VLOOKUP(R33*S33,ZonaRiesgoCorrup2,4,FALSE),"") | X33: =IF(ISBLANK(W33)=TRUE,"",IF(AND(W33>75,R33-2=0),R33-1,IF(AND(W33>75,R33-2>0),R33-2,IF(AND(W33<76,W33>50,R33-1>0),R33-1,R33)))) | Y33: =IF(ISBLANK(W33)=TRUE,"",IF(AND(S33=20,W33>75),"5",IF(AND(S33=20,W33>50,W33<76),"10",IF(AND(S33=20,W33<51),S33,IF(AND(S33=10,W33>50),"5",S33))))) | Z33: =IFERROR(VLOOKUP(X33*Y33,ZonaRiesgoCorrup,3,FALSE),"") | AE33: Realizar dos reuniones de seguimiento a supervisores Centralizar el manejo de la gestión documental en un funcionario. | AF33: Presentar denuncias ante las autoridades competentes Reconstruccion del expediente contractual. | AG33: Director(a) Administrativo(a) y Financiero(a) | AH33: Semestral | AI33: 43132 | AJ33: 43444 | AK33: Dos Actas
A34: RIESGO DE PROCESO | B34: APOYO (Contratación) | C34: 20 | D34: Deficiencia en el control de entrega de los contratos a los supervisores | E34: Cumplimiento Operativo | F34: Deficiencias en la organización de los procesos. Inadecuado control en la entrega de los expedientes contractuales a los supervisores. | G34: Controversia judicial en contra de la entidad. Inadecuado cumplimiento del objeto contractual | H34: 4 | I34: Operativo y legal | J34: 3 | K34: =IF(H34>0,VLOOKUP(VALUE(H34&J34),calificacion,2,FALSE),"") -> ALTA | L34: 35 | M34: 25 | N34: =IF(AND(ISBLANK(L34),ISBLANK(M34))=TRUE,"",IF(AND(L34+M34>75,H34-2=0),H34-1,IF(AND(L34+M34>75,H34-2>0),H34-2,IF(AND(L34+M34<76,L34+M34>50,H34-1>0),H34-1,H34)))) -> 3 | O34: =IF(AND(ISBLANK(L34),ISBLANK(M34))=TRUE,"",IF(AND(L34+M34>75,J34-2=0),J34-1,IF(AND(L34+M34>75,J34-2>0),J34-2,IF(AND(L34+M34<76,L34+M34>50,J34-1>0),J34-1,J34)))) -> 2 | P34: =IF(AND(ISBLANK(L34),ISBLANK(M34))=TRUE,"",IF(N34>0,VLOOKUP(VALUE(N34&O34),calificacion,2,FALSE),"")) -> MODERADA | Q34: =IF(AND(ISBLANK(L34),ISBLANK(M34))=TRUE,"",VLOOKUP(P34,manejo,2,FALSE)) -> Asumir el riesgo, Reducir el riesgo | T34: =IF(S34>0,VLOOKUP(R34*S34,ZonaRiesgoCorrup,3,FALSE),"") | U34: =IF(S34>0,VLOOKUP(R34*S34,ZonaRiesgoCorrup2,4,FALSE),"") | X34: =IF(ISBLANK(W34)=TRUE,"",IF(AND(W34>75,R34-2=0),R34-1,IF(AND(W34>75,R34-2>0),R34-2,IF(AND(W34<76,W34>50,R34-1>0),R34-1,R34)))) | Y34: =IF(ISBLANK(W34)=TRUE,"",IF(AND(S34=20,W34>75),"5",IF(AND(S34=20,W34>50,W34<76),"10",IF(AND(S34=20,W34<51),S34,IF(AND(S34=10,W34>50),"5",S34))))) | Z34: =IFERROR(VLOOKUP(X34*Y34,ZonaRiesgoCorrup,3,FALSE),"") | AE34: Documentar el control de los registro de los memorandos donde conste la fecha de entrega del contrato a cada supervisor y lista de chequeo según la modalidad de contratación | AF34: Determinar responsabilidades y tomar las acciones que correspondan | AG34: Directora Administrativa y Financiera | AH34: Trimestral | AI34: 43252 | AJ34: 43496 | AK34: Un documento
A35: RIESGO DE PROCESO | B35: APOYO (Contratación) | C35: 21 | D35: Acumulación de contratos sin su liquidación respectiva | E35: Financieros Imagen Cumplimiento | F35: Deficiencia en el control de la labor de supervision | G35: Controversias judiciales Procesos disciplinarios | H35: 5 | I35: Credibilidad o Imagen, Legal | J35: 4 | K35: =IF(H35>0,VLOOKUP(VALUE(H35&J35),calificacion,2,FALSE),"") -> EXTREMA | L35: 15 | M35: 30 | N35: =IF(AND(ISBLANK(L35),ISBLANK(M35))=TRUE,"",IF(AND(L35+M35>75,H35-2=0),H35-1,IF(AND(L35+M35>75,H35-2>0),H35-2,IF(AND(L35+M35<76,L35+M35>50,H35-1>0),H35-1,H35)))) -> 5 | O35: =IF(AND(ISBLANK(L35),ISBLANK(M35))=TRUE,"",IF(AND(L35+M35>75,J35-2=0),J35-1,IF(AND(L35+M35>75,J35-2>0),J35-2,IF(AND(L35+M35<76,L35+M35>50,J35-1>0),J35-1,J35)))) -> 4 | P35: =IF(AND(ISBLANK(L35),ISBLANK(M35))=TRUE,"",IF(N35>0,VLOOKUP(VALUE(N35&O35),calificacion,2,FALSE),"")) -> EXTREMA | Q35: =IF(AND(ISBLANK(L35),ISBLANK(M35))=TRUE,"",VLOOKUP(P35,manejo,2,FALSE)) -> Reducir el riesgo, Evitar, Compartir o Transferir | T35: =IF(S35>0,VLOOKUP(R35*S35,ZonaRiesgoCorrup,3,FALSE),"") | U35: =IF(S35>0,VLOOKUP(R35*S35,ZonaRiesgoCorrup2,4,FALSE),"") | X35: =IF(ISBLANK(W35)=TRUE,"",IF(AND(W35>75,R35-2=0),R35-1,IF(AND(W35>75,R35-2>0),R35-2,IF(AND(W35<76,W35>50,R35-1>0),R35-1,R35)))) | Y35: =IF(ISBLANK(W35)=TRUE,"",IF(AND(S35=20,W35>75),"5",IF(AND(S35=20,W35>50,W35<76),"10",IF(AND(S35=20,W35<51),S35,IF(AND(S35=10,W35>50),"5",S35))))) | Z35: =IFERROR(VLOOKUP(X35*Y35,ZonaRiesgoCorrup,3,FALSE),"") | AE35: Actualización Manual Contratación determinando el (los) responsable(s) de la liquidación | AF35: Plan de trabajo de choque | AG35: Profesional Especializado Grado 14-Contratacion | AH35: Anual | AI35: 43252 | AJ35: 43465 | AK35: Manual Actualizado
A36: RIESGO DE PROCESO | B36: APOYO (Contratación) | C36: 21 | AE36: Revisión y Control de las liquidaciones de los contratos. | AG36: Directora Administrativa y Financiera Profesional Especializado G- 14 Contratacion | AH36: Semestral | AI36: 43252 | AJ36: 43496 | AK36: Cuadro de control de liquidaciones
A37: RIESGO DE CORRUPCIÓN | B37: APOYO (Contratación) | C37: 22 | D37: Adquisiones de productos o servicios de baja calidad | E37: Financiero Imagen | F37: Estudios previos deficientes en su formulación | G37: Pérdida de recursos | K37: =IF(H37>0,VLOOKUP(VALUE(H37&J37),calificacion,2,FALSE),"") | N37: =IF(AND(ISBLANK(L37),ISBLANK(M37))=TRUE,"",IF(AND(L37+M37>75,H37-2=0),H37-1,IF(AND(L37+M37>75,H37-2>0),H37-2,IF(AND(L37+M37<76,L37+M37>50,H37-1>0),H37-1,H37)))) | O37: =IF(AND(ISBLANK(L37),ISBLANK(M37))=TRUE,"",IF(AND(L37+M37>75,J37-2=0),J37-1,IF(AND(L37+M37>75,J37-2>0),J37-2,IF(AND(L37+M37<76,L37+M37>50,J37-1>0),J37-1,J37)))) | P37: =IF(AND(ISBLANK(L37),ISBLANK(M37))=TRUE,"",IF(N37>0,VLOOKUP(VALUE(N37&O37),calificacion,2,FALSE),"")) | Q37: =IF(AND(ISBLANK(L37),ISBLANK(M37))=TRUE,"",VLOOKUP(P37,manejo,2,FALSE)) | R37: 4 | S37: 10 | T37: =IF(S37>0,VLOOKUP(R37*S37,ZonaRiesgoCorrup,3,FALSE),"") -> 40 Alta | U37: =IF(S37>0,VLOOKUP(R37*S37,ZonaRiesgoCorrup2,4,FALSE),"") -> Deben tomarse las medidas necesarias para llevar los riesgos a la Zona de Riesgo Moderada, Baja o eliminarlo | V37: Preventivo | W37: 55 | X37: =IF(ISBLANK(W37)=TRUE,"",IF(AND(W37>75,R37-2=0),R37-1,IF(AND(W37>75,R37-2>0),R37-2,IF(AND(W37<76,W37>50,R37-1>0),R37-1,R37)))) -> 3 | Y37: =IF(ISBLANK(W37)=TRUE,"",IF(AND(S37=20,W37>75),"5",IF(AND(S37=20,W37>50,W37<76),"10",IF(AND(S37=20,W37<51),S37,IF(AND(S37=10,W37>50),"5",S37))))) -> 5 | Z37: =IFERROR(VLOOKUP(X37*Y37,ZonaRiesgoCorrup,3,FALSE),"") -> 15 Moderada | AA37: 01/02/2018 - 10/12/2018 | AB37: Controles de verificación a los estudios previos | AC37: Verficación de los estudios previos | AD37: Director(a) Administrativo(a) y Financiero(a) | AL37: 01/02/2018-10/12/2018 | AM37: Seguimiento de manera permanente | AN37: Director(a) Administrativo(a) y Financiero(a) | AO37: Estudios previos verificados / estudios previos elaborados
A38: RIESGO DE CORRUPCIÓN | B38: APOYO (Contratación) | C38: 23 | D38: Limitación de posibles oferentes para beneficio propio o de terceros | E38: Finaciero Imagen | F38: Debilidades en el estudio de mercado de los diferentes servicios o bienes | G38: Productos y/o servicios con altos costos para la entidad | K38: =IF(H38>0,VLOOKUP(VALUE(H38&J38),calificacion,2,FALSE),"") | N38: =IF(AND(ISBLANK(L38),ISBLANK(M38))=TRUE,"",IF(AND(L38+M38>75,H38-2=0),H38-1,IF(AND(L38+M38>75,H38-2>0),H38-2,IF(AND(L38+M38<76,L38+M38>50,H38-1>0),H38-1,H38)))) | O38: =IF(AND(ISBLANK(L38),ISBLANK(M38))=TRUE,"",IF(AND(L38+M38>75,J38-2=0),J38-1,IF(AND(L38+M38>75,J38-2>0),J38-2,IF(AND(L38+M38<76,L38+M38>50,J38-1>0),J38-1,J38)))) | P38: =IF(AND(ISBLANK(L38),ISBLANK(M38))=TRUE,"",IF(N38>0,VLOOKUP(VALUE(N38&O38),calificacion,2,FALSE),"")) | Q38: =IF(AND(ISBLANK(L38),ISBLANK(M38))=TRUE,"",VLOOKUP(P38,manejo,2,FALSE)) | R38: 5 | S38: 10 | T38: =IF(S38>0,VLOOKUP(R38*S38,ZonaRiesgoCorrup,3,FALSE),"") -> 50 Alta | U38: =IF(S38>0,VLOOKUP(R38*S38,ZonaRiesgoCorrup2,4,FALSE),"") -> Deben tomarse las medidas necesarias para llevar los riesgos a la Zona de Riesgo Moderada, Baja o eliminarlo | V38: Preventivo | W38: 0 | X38: =IF(ISBLANK(W38)=TRUE,"",IF(AND(W38>75,R38-2=0),R38-1,IF(AND(W38>75,R38-2>0),R38-2,IF(AND(W38<76,W38>50,R38-1>0),R38-1,R38)))) -> 5 | Y38: =IF(ISBLANK(W38)=TRUE,"",IF(AND(S38=20,W38>75),"5",IF(AND(S38=20,W38>50,W38<76),"10",IF(AND(S38=20,W38<51),S38,IF(AND(S38=10,W38>50),"5",S38))))) -> 10 | Z38: =IFERROR(VLOOKUP(X38*Y38,ZonaRiesgoCorrup,3,FALSE),"") -> 50 Alta | AA38: 01/02/2018 - 10/12/2018 | AB38: Actualizar base de datos de proveedores de la entidad | AC38: Base de datos actualizada e implementada | AD38: Director(a) Administrativo(a) y Financiero(a) | AL38: 01/02/2018 -10/12/2018 | AM38: Dos (2) Seguimiento a base de datos de proveedores | AN38: Director(a) Administrativo(a) y Financiero(a) | AO38: Seguimiento de implementación de base de datos realizados/seguimientos programados
A39: RIESGO DE CORRUPCIÓN | B39: APOYO (Contratación) | C39: 24 | D39: Supervisión deficiente de los contratos por cúmulo de actividades | E39: Operativo Financiero | F39: Centralización de las designación de contratos en pocos supervisores. | G39: Supervisión inoportuna, ineficiente e ineficaz | K39: =IF(H39>0,VLOOKUP(VALUE(H39&J39),calificacion,2,FALSE),"") | N39: =IF(AND(ISBLANK(L39),ISBLANK(M39))=TRUE,"",IF(AND(L39+M39>75,H39-2=0),H39-1,IF(AND(L39+M39>75,H39-2>0),H39-2,IF(AND(L39+M39<76,L39+M39>50,H39-1>0),H39-1,H39)))) | O39: =IF(AND(ISBLANK(L39),ISBLANK(M39))=TRUE,"",IF(AND(L39+M39>75,J39-2=0),J39-1,IF(AND(L39+M39>75,J39-2>0),J39-2,IF(AND(L39+M39<76,L39+M39>50,J39-1>0),J39-1,J39)))) | P39: =IF(AND(ISBLANK(L39),ISBLANK(M39))=TRUE,"",IF(N39>0,VLOOKUP(VALUE(N39&O39),calificacion,2,FALSE),"")) | Q39: =IF(AND(ISBLANK(L39),ISBLANK(M39))=TRUE,"",VLOOKUP(P39,manejo,2,FALSE)) | R39: 5 | S39: 10 | T39: =IF(S39>0,VLOOKUP(R39*S39,ZonaRiesgoCorrup,3,FALSE),"") -> 50 Alta | U39: =IF(S39>0,VLOOKUP(R39*S39,ZonaRiesgoCorrup2,4,FALSE),"") -> Deben tomarse las medidas necesarias para llevar los riesgos a la Zona de Riesgo Moderada, Baja o eliminarlo | V39: Preventivo | W39: 0 | X39: =IF(ISBLANK(W39)=TRUE,"",IF(AND(W39>75,R39-2=0),R39-1,IF(AND(W39>75,R39-2>0),R39-2,IF(AND(W39<76,W39>50,R39-1>0),R39-1,R39)))) -> 5 | Y39: =IF(ISBLANK(W39)=TRUE,"",IF(AND(S39=20,W39>75),"5",IF(AND(S39=20,W39>50,W39<76),"10",IF(AND(S39=20,W39<51),S39,IF(AND(S39=10,W39>50),"5",S39))))) -> 10 | Z39: =IFERROR(VLOOKUP(X39*Y39,ZonaRiesgoCorrup,3,FALSE),"") -> 50 Alta | AA39: 01/02/2018 - 10/12/2018 | AB39: Descentralizacion de la designación de los supervisores de conformidad con experiencia y formación | AC39: Memorandos de designación de supervisor | AD39: Gerente | AL39: 01/02/2018 - 10/12/2018 | AM39: Verificar la designación de los supervisores | AN39: Director(a) Administrativo(a) y Financiero(a) | AO39: Controles efectuados/controles programados
A40: RIESGO DE PROCESO | B40: APOYO (Recursos Físicos y Financieros) | C40: 25 | D40: Suspensión de los servicios públicos por no pago oportuno | E40: Operativos | F40: No entrega oportuna de(los) recibo(s) por parte de las sedes. No lleguen los recibos por parte de las empresas prestadoras de servicios. Inexistencia de controles para pago de servicios públicos | G40: Interrupción de la prestación de servicios del FBSCGR. Sobre costos por reconexiones e intereses moratorios. | H40: 3 | I40: Opertivo | J40: 3 | K40: =IF(H40>0,VLOOKUP(VALUE(H40&J40),calificacion,2,FALSE),"") -> ALTA | L40: 40 | M40: 40 | N40: =IF(AND(ISBLANK(L40),ISBLANK(M40))=TRUE,"",IF(AND(L40+M40>75,H40-2=0),H40-1,IF(AND(L40+M40>75,H40-2>0),H40-2,IF(AND(L40+M40<76,L40+M40>50,H40-1>0),H40-1,H40)))) -> 1 | O40: =IF(AND(ISBLANK(L40),ISBLANK(M40))=TRUE,"",IF(AND(L40+M40>75,J40-2=0),J40-1,IF(AND(L40+M40>75,J40-2>0),J40-2,IF(AND(L40+M40<76,L40+M40>50,J40-1>0),J40-1,J40)))) -> 1 | P40: =IF(AND(ISBLANK(L40),ISBLANK(M40))=TRUE,"",IF(N40>0,VLOOKUP(VALUE(N40&O40),calificacion,2,FALSE),"")) -> BAJA | Q40: =IF(AND(ISBLANK(L40),ISBLANK(M40))=TRUE,"",VLOOKUP(P40,manejo,2,FALSE)) -> Asumir el riesgo | T40: =IF(S40>0,VLOOKUP(R40*S40,ZonaRiesgoCorrup,3,FALSE),"") | U40: =IF(S40>0,VLOOKUP(R40*S40,ZonaRiesgoCorrup2,4,FALSE),"") | X40: =IF(ISBLANK(W40)=TRUE,"",IF(AND(W40>75,R40-2=0),R40-1,IF(AND(W40>75,R40-2>0),R40-2,IF(AND(W40<76,W40>50,R40-1>0),R40-1,R40)))) | Y40: =IF(ISBLANK(W40)=TRUE,"",IF(AND(S40=20,W40>75),"5",IF(AND(S40=20,W40>50,W40<76),"10",IF(AND(S40=20,W40<51),S40,IF(AND(S40=10,W40>50),"5",S40))))) | Z40: =IFERROR(VLOOKUP(X40*Y40,ZonaRiesgoCorrup,3,FALSE),"") | AE40: Seguimiento y control a la entrega oportuna de los recibos en cada una de las sedes | AF40: Proceder con el pago inmediato | AG40: Profesional G- 14 recursos Físicos | AH40: Mensual | AI40: 43102 | AJ40: 43465 | AK40: Registro de seguimiento
A41: RIESGO DE PROCESO | B41: APOYO (Recursos Físicos y Financieros - Almacen) | C41: 26 | D41: Pérdida parcial de la información que se puede generar por el mecanismo manual de ingreso de información de inventarios. | E41: Operativos | F41: La entidad no cuenta con herramienta tecnológico que garantice el adecuado manejo de la información de inventarios. Inadecuada asignación de funciones en el manual no acorde al nivel jerárquico o grados. | G41: Información irreal o no razonable, inoportuna, no confiable | H41: 5 | I41: Operativo, de credibilidad o imagen | J41: 2 | K41: =IF(H41>0,VLOOKUP(VALUE(H41&J41),calificacion,2,FALSE),"") -> ALTA | L41: 15 | M41: 15 | N41: =IF(AND(ISBLANK(L41),ISBLANK(M41))=TRUE,"",IF(AND(L41+M41>75,H41-2=0),H41-1,IF(AND(L41+M41>75,H41-2>0),H41-2,IF(AND(L41+M41<76,L41+M41>50,H41-1>0),H41-1,H41)))) -> 5 | O41: =IF(AND(ISBLANK(L41),ISBLANK(M41))=TRUE,"",IF(AND(L41+M41>75,J41-2=0),J41-1,IF(AND(L41+M41>75,J41-2>0),J41-2,IF(AND(L41+M41<76,L41+M41>50,J41-1>0),J41-1,J41)))) -> 2 | P41: =IF(AND(ISBLANK(L41),ISBLANK(M41))=TRUE,"",IF(N41>0,VLOOKUP(VALUE(N41&O41),calificacion,2,FALSE),"")) -> ALTA | Q41: =IF(AND(ISBLANK(L41),ISBLANK(M41))=TRUE,"",VLOOKUP(P41,manejo,2,FALSE)) -> Reducir el riesgo, Evitar, Compartir o Transferir | T41: =IF(S41>0,VLOOKUP(R41*S41,ZonaRiesgoCorrup,3,FALSE),"") | U41: =IF(S41>0,VLOOKUP(R41*S41,ZonaRiesgoCorrup2,4,FALSE),"") | X41: =IF(ISBLANK(W41)=TRUE,"",IF(AND(W41>75,R41-2=0),R41-1,IF(AND(W41>75,R41-2>0),R41-2,IF(AND(W41<76,W41>50,R41-1>0),R41-1,R41)))) | Y41: =IF(ISBLANK(W41)=TRUE,"",IF(AND(S41=20,W41>75),"5",IF(AND(S41=20,W41>50,W41<76),"10",IF(AND(S41=20,W41<51),S41,IF(AND(S41=10,W41>50),"5",S41))))) | Z41: =IFERROR(VLOOKUP(X41*Y41,ZonaRiesgoCorrup,3,FALSE),"") | AE41: Identificación de variaciones en la base de datos frente a la información del inventario de la vigencia anterior. | AF41: Reconstrucción de la información con apoyo de personal. | AG41: Profesional G-4 Recursos Físicos | AH41: Anual | AI41: 43110 | AJ41: 43434 | AK41: Archivo magnético con registros comparativos
A42: RIESGO DE PROCESO | B42: APOYO (Recursos Físicos y Financieros) | C42: 27 | D42: Pérdida de bienes y/o elementos | E42: Operativos | F42: Deficiencia en los controles de los elementos de la entidad. La entidad no cuenta con un lugar adecuado para el almacenamiento de bienes muebles para dar de baja, reintegros o que no están en uso. No están definidos adecuadamente los responsables para bienes que no están en uso. | G42: Pérdidas economicas, Daños en los bienes, Sanciones disciplinarias | H42: 5 | I42: Operativo, de credibilidad o imagen | J42: 2 | K42: =IF(H42>0,VLOOKUP(VALUE(H42&J42),calificacion,2,FALSE),"") -> ALTA | L42: 0 | M42: 0 | N42: =IF(AND(ISBLANK(L42),ISBLANK(M42))=TRUE,"",IF(AND(L42+M42>75,H42-2=0),H42-1,IF(AND(L42+M42>75,H42-2>0),H42-2,IF(AND(L42+M42<76,L42+M42>50,H42-1>0),H42-1,H42)))) -> 5 | O42: =IF(AND(ISBLANK(L42),ISBLANK(M42))=TRUE,"",IF(AND(L42+M42>75,J42-2=0),J42-1,IF(AND(L42+M42>75,J42-2>0),J42-2,IF(AND(L42+M42<76,L42+M42>50,J42-1>0),J42-1,J42)))) -> 2 | P42: =IF(AND(ISBLANK(L42),ISBLANK(M42))=TRUE,"",IF(N42>0,VLOOKUP(VALUE(N42&O42),calificacion,2,FALSE),"")) -> ALTA | Q42: =IF(AND(ISBLANK(L42),ISBLANK(M42))=TRUE,"",VLOOKUP(P42,manejo,2,FALSE)) -> Reducir el riesgo, Evitar, Compartir o Transferir | T42: =IF(S42>0,VLOOKUP(R42*S42,ZonaRiesgoCorrup,3,FALSE),"") | U42: =IF(S42>0,VLOOKUP(R42*S42,ZonaRiesgoCorrup2,4,FALSE),"") | X42: =IF(ISBLANK(W42)=TRUE,"",IF(AND(W42>75,R42-2=0),R42-1,IF(AND(W42>75,R42-2>0),R42-2,IF(AND(W42<76,W42>50,R42-1>0),R42-1,R42)))) | Y42: =IF(ISBLANK(W42)=TRUE,"",IF(AND(S42=20,W42>75),"5",IF(AND(S42=20,W42>50,W42<76),"10",IF(AND(S42=20,W42<51),S42,IF(AND(S42=10,W42>50),"5",S42))))) | Z42: =IFERROR(VLOOKUP(X42*Y42,ZonaRiesgoCorrup,3,FALSE),"") | AE42: Revisar procedimiento de administración de bienes y ajustar respecto de la pérdida de bienes y comunicar a todos los funcionarios | AF42: Realizar gestiones para hacer efectiva las polizas. | AG42: Profesional G-14 Recursos Físicos | AH42: Anual | AI42: 43110 | AJ42: 43312 | AK42: Procedimiento revisado, ajustado y comunicado
A43: RIESGO DE PROCESO | B43: APOYO (Recursos Físicos y Financieros - Cartera) | C43: 28 | D43: Aumento de la Cartera Morosa de 0 a 90 días. | E43: Financieros | F43: Debilidades en la gestión de cobro. Fallas de registro de novedades en el aplicativo Kactus. o en el aplicativo misional TAO | G43: Disminución en el recaudo. Incremento en la gestión de recuperación. | H43: 4 | I43: Operativo | J43: 2 | K43: =IF(H43>0,VLOOKUP(VALUE(H43&J43),calificacion,2,FALSE),"") -> ALTA | L43: 60 | M43: 40 | N43: =IF(AND(ISBLANK(L43),ISBLANK(M43))=TRUE,"",IF(AND(L43+M43>75,H43-2=0),H43-1,IF(AND(L43+M43>75,H43-2>0),H43-2,IF(AND(L43+M43<76,L43+M43>50,H43-1>0),H43-1,H43)))) -> 2 | O43: =IF(AND(ISBLANK(L43),ISBLANK(M43))=TRUE,"",IF(AND(L43+M43>75,J43-2=0),J43-1,IF(AND(L43+M43>75,J43-2>0),J43-2,IF(AND(L43+M43<76,L43+M43>50,J43-1>0),J43-1,J43)))) -> 1 | P43: =IF(AND(ISBLANK(L43),ISBLANK(M43))=TRUE,"",IF(N43>0,VLOOKUP(VALUE(N43&O43),calificacion,2,FALSE),"")) -> BAJA | Q43: =IF(AND(ISBLANK(L43),ISBLANK(M43))=TRUE,"",VLOOKUP(P43,manejo,2,FALSE)) -> Asumir el riesgo | AE43: Identificar fácilmente la edad de la cartera en mora para realizar gestión de cobro. | AF43: Adelantar Plan de contingencia para incrementar la gesitón de cobro | AG43: Profesional Especializado G-14 de Cartera | AH43: Mensual | AI43: 43133 | AJ43: 43449 | AK43: Reportes Aplicativo TAO.
A44: RIESGO DE PROCESO | B44: APOYO (Recursos Físicos y Financieros - Cartera) | C44: 28 | AE44: En el módulo prejuridico clasificar la cartera en mora de acuerdo a la etapa de gestión. | AF44: Adelantar Plan de contingencia para incrementar la gesitón de cobro | AG44: Profesional Especializado G-14 de Cartera | AH44: Mensual | AI44: 43133 | AJ44: 43449 | AK44: Reportes Aplicativo TAO.
A45: RIESGO DE PROCESO | B45: APOYO (Recursos Físicos y Financieros - Cartera) | C45: 28 | AE45: Registrar en el módulo prejuridico el seguimiento del cobro de la cartera. | AF45: Adelantar Plan de contingencia para incrementar la gesitón de cobro | AG45: Profesional Especializado G-14 de Cartera | AH45: Mensual | AI45: 43133 | AJ45: 43449 | AK45: Reportes Aplicativo TAO.
A46: RIESGO DE PROCESO | B46: APOYO (Recursos Físicos y Financieros - Cartera) | C46: 28 | AE46: Contar con personal necesario e idóneo que se dedique a la gestión de cobro. | AF46: Adelantar Plan de contingencia para incrementar la gesitón de cobro | AG46: Director(a) Administrativo(a) y Financiero(a) | AH46: Anual | AI46: 43133 | AJ46: 43449 | AK46: Contrato o acto administrativo que evidencie el personal (1) de apoyo a la gestión de cartera morosa
A47: RIESGO DE PROCESO | B47: APOYO (Recursos Físicos y Financieros - Cartera) | C47: 29 | D47: Registros de los Estados de Cuenta con anomalías | E47: Operativo Financiero Imagen Tecnología | F47: Registro inadecuado en el aplicativo misional TAO. Actualizaciones masivas al aplicativo misional TAO que modifiquen parametros del crédito. Falla en parametrización para casos específicos. | G47: Generación de reprocesos Presentación de Quejas o Reclamos | H47: 5 | I47: Operativo Credibilidad o Imagen | J47: 2 | K47: ALTA | L47: 55 | M47: 20 | N47: =IF(AND(ISBLANK(L47),ISBLANK(M47))=TRUE,"",IF(AND(L47+M47>75,H47-2=0),H47-1,IF(AND(L47+M47>75,H47-2>0),H47-2,IF(AND(L47+M47<76,L47+M47>50,H47-1>0),H47-1,H47)))) -> 4 | O47: =IF(AND(ISBLANK(L47),ISBLANK(M47))=TRUE,"",IF(AND(L47+M47>75,J47-2=0),J47-1,IF(AND(L47+M47>75,J47-2>0),J47-2,IF(AND(L47+M47<76,L47+M47>50,J47-1>0),J47-1,J47)))) -> 1 | P47: =IF(AND(ISBLANK(L47),ISBLANK(M47))=TRUE,"",IF(N47>0,VLOOKUP(VALUE(N47&O47),calificacion,2,FALSE),"")) -> MODERADA | Q47: =IF(AND(ISBLANK(L47),ISBLANK(M47))=TRUE,"",VLOOKUP(P47,manejo,2,FALSE)) -> Asumir el riesgo, Reducir el riesgo | T47: =IF(S47>0,VLOOKUP(R47*S47,ZonaRiesgoCorrup,3,FALSE),"") | U47: =IF(S47>0,VLOOKUP(R47*S47,ZonaRiesgoCorrup2,4,FALSE),"") | X47: =IF(ISBLANK(W47)=TRUE,"",IF(AND(W47>75,R47-2=0),R47-1,IF(AND(W47>75,R47-2>0),R47-2,IF(AND(W47<76,W47>50,R47-1>0),R47-1,R47)))) | Y47: =IF(ISBLANK(W47)=TRUE,"",IF(AND(S47=20,W47>75),"5",IF(AND(S47=20,W47>50,W47<76),"10",IF(AND(S47=20,W47<51),S47,IF(AND(S47=10,W47>50),"5",S47))))) | Z47: =IFERROR(VLOOKUP(X47*Y47,ZonaRiesgoCorrup,3,FALSE),"") | AE47: Control y seguimiento a los créditos girados previo al reporte de novedades de nómina. | AF47: Realizar los ajustes pertinentes | AG47: Profesional Especializado G-14 de Cartera | AH47: Mensual | AI47: 43102 | AJ47: 43444 | AK47: Conciliación con Tesorería
A48: RIESGO DE PROCESO | B48: APOYO (Recursos Físicos y Financieros , Tesorería) | C48: 30 | D48: Incumplimiento en los pagos por programación inadecuada del PAC | E48: Financiero, operativo, cumplimiento e imagen. | F48: Carencia de conocimentos para solicitar adecuadamente los recursos para programar los pagos. Restricciones por parte del Ministerio de Hacienda para la ejecución presupuestal. | G48: Sanciones pecuniarias, disciplinarias, no aprobación de PAC requerido por parte del Ministerio de Hacienda | H48: 3 | I48: Operativo | J48: 3 | K48: =IF(H48>0,VLOOKUP(VALUE(H48&J48),calificacion,2,FALSE),"") -> ALTA | L48: 40 | M48: 20 | N48: =IF(AND(ISBLANK(L48),ISBLANK(M48))=TRUE,"",IF(AND(L48+M48>75,H48-2=0),H48-1,IF(AND(L48+M48>75,H48-2>0),H48-2,IF(AND(L48+M48<76,L48+M48>50,H48-1>0),H48-1,H48)))) -> 2 | O48: =IF(AND(ISBLANK(L48),ISBLANK(M48))=TRUE,"",IF(AND(L48+M48>75,J48-2=0),J48-1,IF(AND(L48+M48>75,J48-2>0),J48-2,IF(AND(L48+M48<76,L48+M48>50,J48-1>0),J48-1,J48)))) -> 2 | P48: =IF(AND(ISBLANK(L48),ISBLANK(M48))=TRUE,"",IF(N48>0,VLOOKUP(VALUE(N48&O48),calificacion,2,FALSE),"")) -> BAJA | Q48: =IF(AND(ISBLANK(L48),ISBLANK(M48))=TRUE,"",VLOOKUP(P48,manejo,2,FALSE)) -> Asumir el riesgo | T48: =IF(S48>0,VLOOKUP(R48*S48,ZonaRiesgoCorrup,3,FALSE),"") | U48: =IF(S48>0,VLOOKUP(R48*S48,ZonaRiesgoCorrup2,4,FALSE),"") | X48: =IF(ISBLANK(W48)=TRUE,"",IF(AND(W48>75,R48-2=0),R48-1,IF(AND(W48>75,R48-2>0),R48-2,IF(AND(W48<76,W48>50,R48-1>0),R48-1,R48)))) | Y48: =IF(ISBLANK(W48)=TRUE,"",IF(AND(S48=20,W48>75),"5",IF(AND(S48=20,W48>50,W48<76),"10",IF(AND(S48=20,W48<51),S48,IF(AND(S48=10,W48>50),"5",S48))))) | Z48: =IFERROR(VLOOKUP(X48*Y48,ZonaRiesgoCorrup,3,FALSE),"") | AE48: Gestionar capacitación para directivos y supervisores de contratos | AF48: Gestionar solicitudes extemporáneas de PAC. | AG48: Profesional especializado Tesorería | AH48: anual | AI48: 43102 | AJ48: 43281 | AK48: Listado de asistencia a capacitación.
A49: RIESGO DE PROCESO | B49: APOYO (Recursos Físicos y Financieros , Tesorería) | C49: 31 | D49: Vencimiento de términos para la solicitud de deducciones ante Ministerio de Hacienda | E49: Operativo Financiero | F49: Falencia en los controles de fechas de vencimienos para pagos. | G49: Sanciones Disciplinarias Sanciones pecuniarias | H49: 4 | I49: Operativo Legal | J49: 2 | K49: =IF(H49>0,VLOOKUP(VALUE(H49&J49),calificacion,2,FALSE),"") -> ALTA | L49: 45 | M49: 15 | N49: =IF(AND(ISBLANK(L49),ISBLANK(M49))=TRUE,"",IF(AND(L49+M49>75,H49-2=0),H49-1,IF(AND(L49+M49>75,H49-2>0),H49-2,IF(AND(L49+M49<76,L49+M49>50,H49-1>0),H49-1,H49)))) -> 3 | O49: =IF(AND(ISBLANK(L49),ISBLANK(M49))=TRUE,"",IF(AND(L49+M49>75,J49-2=0),J49-1,IF(AND(L49+M49>75,J49-2>0),J49-2,IF(AND(L49+M49<76,L49+M49>50,J49-1>0),J49-1,J49)))) -> 1 | P49: =IF(AND(ISBLANK(L49),ISBLANK(M49))=TRUE,"",IF(N49>0,VLOOKUP(VALUE(N49&O49),calificacion,2,FALSE),"")) -> BAJA | Q49: =IF(AND(ISBLANK(L49),ISBLANK(M49))=TRUE,"",VLOOKUP(P49,manejo,2,FALSE)) -> Asumir el riesgo | T49: =IF(S49>0,VLOOKUP(R49*S49,ZonaRiesgoCorrup,3,FALSE),"") | U49: =IF(S49>0,VLOOKUP(R49*S49,ZonaRiesgoCorrup2,4,FALSE),"") | X49: =IF(ISBLANK(W49)=TRUE,"",IF(AND(W49>75,R49-2=0),R49-1,IF(AND(W49>75,R49-2>0),R49-2,IF(AND(W49<76,W49>50,R49-1>0),R49-1,R49)))) | Y49: =IF(ISBLANK(W49)=TRUE,"",IF(AND(S49=20,W49>75),"5",IF(AND(S49=20,W49>50,W49<76),"10",IF(AND(S49=20,W49<51),S49,IF(AND(S49=10,W49>50),"5",S49))))) | Z49: =IFERROR(VLOOKUP(X49*Y49,ZonaRiesgoCorrup,3,FALSE),"") | AE49: Establecer un calendario para solicitar las deducciones a tiempo | AF49: Transferecia entre cuentas | AG49: Profesional especializado Tesorería | AH49: Mensual | AI49: 43132 | AJ49: 43189 | AK49: Calendario elaborado e implementado
A50: RIESGO DE CORRUPCIÓN | B50: APOYO (Recursos Físicos y Financieros , Tesorería) | C50: 32 | D50: Pago de compromisos financieros sin el cumplimiento de los requisitos | E50: Operativo Imagen Financiero | F50: Carencia de control de la lista de verificacion del cumplimiento total de los requisitos para el pago | G50: Procesos de responsabilidad fiscal, disciplinaria o penal | K50: =IF(H50>0,VLOOKUP(VALUE(H50&J50),calificacion,2,FALSE),"") | N50: =IF(AND(ISBLANK(L50),ISBLANK(M50))=TRUE,"",IF(AND(L50+M50>75,H50-2=0),H50-1,IF(AND(L50+M50>75,H50-2>0),H50-2,IF(AND(L50+M50<76,L50+M50>50,H50-1>0),H50-1,H50)))) | O50: =IF(AND(ISBLANK(L50),ISBLANK(M50))=TRUE,"",IF(AND(L50+M50>75,J50-2=0),J50-1,IF(AND(L50+M50>75,J50-2>0),J50-2,IF(AND(L50+M50<76,L50+M50>50,J50-1>0),J50-1,J50)))) | P50: =IF(AND(ISBLANK(L50),ISBLANK(M50))=TRUE,"",IF(N50>0,VLOOKUP(VALUE(N50&O50),calificacion,2,FALSE),"")) | Q50: =IF(AND(ISBLANK(L50),ISBLANK(M50))=TRUE,"",VLOOKUP(P50,manejo,2,FALSE)) | R50: 3 | S50: 5 | T50: =IF(S50>0,VLOOKUP(R50*S50,ZonaRiesgoCorrup,3,FALSE),"") -> 15 Moderada | U50: =IF(S50>0,VLOOKUP(R50*S50,ZonaRiesgoCorrup2,4,FALSE),"") -> Deben tomarse las medidas necesarias para llevar los riesgos a la Zona de Riesgo Baja o eliminarlo | V50: Preventivo | W50: 85 | X50: =IF(ISBLANK(W50)=TRUE,"",IF(AND(W50>75,R50-2=0),R50-1,IF(AND(W50>75,R50-2>0),R50-2,IF(AND(W50<76,W50>50,R50-1>0),R50-1,R50)))) -> 1 | Y50: =IF(ISBLANK(W50)=TRUE,"",IF(AND(S50=20,W50>75),"5",IF(AND(S50=20,W50>50,W50<76),"10",IF(AND(S50=20,W50<51),S50,IF(AND(S50=10,W50>50),"5",S50))))) -> 5 | Z50: =IFERROR(VLOOKUP(X50*Y50,ZonaRiesgoCorrup,3,FALSE),"") -> 5 Baja | AA50: 01/02/2018 - 20/12/2018 | AB50: Efectuar revisiones aleatorias donde se evidencie que los giros se hubiesen efectuado con los documentos soportes requeridos | AC50: Informe | AD50: Profesiona G. 14 Tesorería | AL50: 01/02/2018 - 20/12/2018 | AM50: Seguimientos de verificaciones de dos (2) Informes con revisiones realizadas | AN50: Director(a) Administrativo(a) y Financiero(a) | AO50: Seguimientos realizados/seguimientos programados
A51: RIESGO DE PROCESO | B51: APOYO (Recursos Físicos y Financieros - Presupuesto) | C51: 33 | D51: Exceso o defecto de los montos de gastos planeados | E51: Financieros | F51: Ineficiencia control. Debilidades en la Planeacion. Presupuestal | G51: -Sobreestimacion o subestimacion para satisfacer las necesidades reales de la Entidad. Castigo asignación presupuestal Minhacienda | H51: 3 | I51: Operativo | J51: 3 | K51: =IF(H51>0,VLOOKUP(VALUE(H51&J51),calificacion,2,FALSE),"") -> ALTA | L51: 35 | M51: 40 | N51: =IF(AND(ISBLANK(L51),ISBLANK(M51))=TRUE,"",IF(AND(L51+M51>75,H51-2=0),H51-1,IF(AND(L51+M51>75,H51-2>0),H51-2,IF(AND(L51+M51<76,L51+M51>50,H51-1>0),H51-1,H51)))) -> 2 | O51: =IF(AND(ISBLANK(L51),ISBLANK(M51))=TRUE,"",IF(AND(L51+M51>75,J51-2=0),J51-1,IF(AND(L51+M51>75,J51-2>0),J51-2,IF(AND(L51+M51<76,L51+M51>50,J51-1>0),J51-1,J51)))) -> 2 | P51: =IF(AND(ISBLANK(L51),ISBLANK(M51))=TRUE,"",IF(N51>0,VLOOKUP(VALUE(N51&O51),calificacion,2,FALSE),"")) -> BAJA | Q51: =IF(AND(ISBLANK(L51),ISBLANK(M51))=TRUE,"",VLOOKUP(P51,manejo,2,FALSE)) -> Asumir el riesgo | T51: =IF(S51>0,VLOOKUP(R51*S51,ZonaRiesgoCorrup,3,FALSE),"") | U51: =IF(S51>0,VLOOKUP(R51*S51,ZonaRiesgoCorrup2,4,FALSE),"") | X51: =IF(ISBLANK(W51)=TRUE,"",IF(AND(W51>75,R51-2=0),R51-1,IF(AND(W51>75,R51-2>0),R51-2,IF(AND(W51<76,W51>50,R51-1>0),R51-1,R51)))) | Y51: =IF(ISBLANK(W51)=TRUE,"",IF(AND(S51=20,W51>75),"5",IF(AND(S51=20,W51>50,W51<76),"10",IF(AND(S51=20,W51<51),S51,IF(AND(S51=10,W51>50),"5",S51))))) | Z51: =IFERROR(VLOOKUP(X51*Y51,ZonaRiesgoCorrup,3,FALSE),"") | AE51: Documentar el control dentro del procedimiento de elaboracion y seguimiento del Plan Anual de Adquisiciones | AF51: Revisar la ejecución Presupuestal y hacer los ajustes necesarios según programación | AG51: Director(a) Administrativo(a) y Financiero(a) | AH51: Trimestral | AI51: 43207 | AJ51: 43342 | AK51: Control documentado e implementado
A52: RIESGO DE PROCESO | B52: APOYO (Recursos Físicos y Financieros - Presupuesto) | C52: 33 | AE52: Reportar la informacion correspondiente para hacer la evaluacion y seguimiento al Plan Anual de adquisiciones | AG52: Directora Administrativa y Financiera- Presupuesto | AH52: Mensual | AI52: 43132 | AJ52: 43485 | AK52: Soportes envío
A53: RIESGO DE PROCESO | B53: APOYO (Recursos Físicos y Financieros - Presupuesto) | C53: 34 | D53: Exceso o defecto de los montos de gastos planeados Inversión | E53: Financieros | F53: Ineficiencia control. Debilidades en la Planeacion Presupuestal | G53: Sobreestimación o subestimacion para satisfacer las necesidades reales de la Entidad Castigo asignacion presupuestal MInhacienda | H53: 5 | I53: Operativo | J53: 3 | K53: =IF(H53>0,VLOOKUP(VALUE(H53&J53),calificacion,2,FALSE),"") -> EXTREMA | L53: 45 | M53: 40 | N53: =IF(AND(ISBLANK(L53),ISBLANK(M53))=TRUE,"",IF(AND(L53+M53>75,H53-2=0),H53-1,IF(AND(L53+M53>75,H53-2>0),H53-2,IF(AND(L53+M53<76,L53+M53>50,H53-1>0),H53-1,H53)))) -> 3 | O53: =IF(AND(ISBLANK(L53),ISBLANK(M53))=TRUE,"",IF(AND(L53+M53>75,J53-2=0),J53-1,IF(AND(L53+M53>75,J53-2>0),J53-2,IF(AND(L53+M53<76,L53+M53>50,J53-1>0),J53-1,J53)))) -> 1 | P53: =IF(AND(ISBLANK(L53),ISBLANK(M53))=TRUE,"",IF(N53>0,VLOOKUP(VALUE(N53&O53),calificacion,2,FALSE),"")) -> BAJA | Q53: =IF(AND(ISBLANK(L53),ISBLANK(M53))=TRUE,"",VLOOKUP(P53,manejo,2,FALSE)) -> Asumir el riesgo | T53: =IF(S53>0,VLOOKUP(R53*S53,ZonaRiesgoCorrup,3,FALSE),"") | U53: =IF(S53>0,VLOOKUP(R53*S53,ZonaRiesgoCorrup2,4,FALSE),"") | X53: =IF(ISBLANK(W53)=TRUE,"",IF(AND(W53>75,R53-2=0),R53-1,IF(AND(W53>75,R53-2>0),R53-2,IF(AND(W53<76,W53>50,R53-1>0),R53-1,R53)))) | Y53: =IF(ISBLANK(W53)=TRUE,"",IF(AND(S53=20,W53>75),"5",IF(AND(S53=20,W53>50,W53<76),"10",IF(AND(S53=20,W53<51),S53,IF(AND(S53=10,W53>50),"5",S53))))) | Z53: =IFERROR(VLOOKUP(X53*Y53,ZonaRiesgoCorrup,3,FALSE),"") | AE53: Revisar y ajustar procedimiento de proyectos de Inversión para documentar el control (envío EBI) según necesidad | AF53: Reporte a Asuntos Disciplinarios | AG53: Profesional especializado de Planeación | AH53: Trimestral | AI53: 43191 | AJ53: 43434 | AK53: Control documentado e implementado
A54: RIESGO DE PROCESO | B54: APOYO (Recursos Físicos y Financieros Contabilidad) | C54: 35 | D54: Inexactitud de las operaciones reconocidas, registradas y reveladas. | E54: Operativos | F54: Verificación ineficaz de los documentos que soportan las transacciones. Incumplimiento de requisitos legales de los documentos soportes del proceso contable. Transacciones no soportadas . | G54: Dictamen de los estados financieros con opinión negativa o adversa. Pérdida de confianza de la ciudadanía y clientes | H54: 2 | I54: Legal | J54: 2 | K54: =IF(H54>0,VLOOKUP(VALUE(H54&J54),calificacion,2,FALSE),"") -> BAJA | L54: 60 | M54: 40 | N54: 1 | O54: 1 | P54: =IF(AND(ISBLANK(L54),ISBLANK(M54))=TRUE,"",IF(N54>0,VLOOKUP(VALUE(N54&O54),calificacion,2,FALSE),"")) -> BAJA | Q54: =IF(AND(ISBLANK(L54),ISBLANK(M54))=TRUE,"",VLOOKUP(P54,manejo,2,FALSE)) -> Asumir el riesgo | AE54: Ajustar el procedimiento PT-A-440-02 respecto a los controles de verificación de documentos que soportan las transacciones realizadas. | AF54: Solicitar y complementar la sustanciación de la transacción contable. | AG54: Profesional especializado del área de Contabilidad | AH54: Trimestral | AI54: 43102 | AJ54: 43281 | AK54: Control documentado e implementado
A55: RIESGO DE PROCESO | B55: APOYO (Recursos Físicos y Financieros (presupuesto) | C55: 36 | D55: Déficit del presupuesto para atender la totalidad de las cesantías solicitadas por los funcionarios de la Contraloría General de la República. | E55: Estratégico Financiero Operativo | F55: Proyecciones inadecuadas del Ministerio de Hacienda sobre los montos de las cesantía por periodos fiscales y asignación presupuestal. Mayor demanda de las cesantías de los funcionarios de la estimada y asignada presupuestalmente a la entidad. | G55: Incumpliento legal, pérdida de imagen pública | H55: 4 | I55: Legal, operativo, credibilidad | J55: 3 | K55: =IF(H55>0,VLOOKUP(VALUE(H55&J55),calificacion,2,FALSE),"") -> ALTA | L55: 30 | M55: 25 | N55: 3 | O55: 3 | P55: =IF(AND(ISBLANK(L55),ISBLANK(M55))=TRUE,"",IF(N55>0,VLOOKUP(VALUE(N55&O55),calificacion,2,FALSE),"")) -> ALTA | Q55: =IF(AND(ISBLANK(L55),ISBLANK(M55))=TRUE,"",VLOOKUP(P55,manejo,2,FALSE)) -> Reducir el riesgo, Evitar, Compartir o Transferir | AE55: Comunicar en anteproyecto de presupuesto y en el documento del Marco del Gasto de Mediano Plazo las necesidades recursos para el pago de cesantías. | AF55: Solicitar adición presupuestal | AG55: Asesor(a) Financiero(a) | AH55: Semestral | AI55: 43160 | AJ55: 43449 | AK55: Comunicación Minhacienda,
A56: RIESGO DE PROCESO | B56: APOYO (Recursos Físicos y Financieros (presupuesto) | C56: 36 | AE56: Realizar ajustes al presupuesto mediante traslados internos con resolución o mediante acuerdos de Junta Directiva. | AF56: Solicitar adición presupuestal | AG56: Asesor(a) Financiero(a) | AH56: Trimestral | AI56: 43160 | AJ56: 43459 | AK56: Acuerdos y resoluciones de traslados presupuestales
A57: RIESGO DE CORRUPCIÓN | B57: APOYO (Gestión Jurídica) | C57: 37 | D57: Vencimiento de Términos | E57: Cumplimiento | F57: Ausencia de efectividad del control y seguimiento del estado de los procesos judiciales en que es parte el FBSCGR a nivel local y territorial. | G57: Pérdida de oportunidad procesal referente a la no intervención dentro de los términos legales. Pérdida del proceso legal por falta de intervención en las diferentes etapas procesales. | R57: 3 | S57: 10 | T57: =IF(S57>0,VLOOKUP(R57*S57,ZonaRiesgoCorrup,3,FALSE),"") -> 30 Alta | U57: =IF(S57>0,VLOOKUP(R57*S57,ZonaRiesgoCorrup2,4,FALSE),"") -> Deben tomarse las medidas necesarias para llevar los riesgos a la Zona de Riesgo Moderada, Baja o eliminarlo | V57: Preventivo | W57: 70 | X57: =IF(ISBLANK(W57)=TRUE,"",IF(AND(W57>75,R57-2=0),R57-1,IF(AND(W57>75,R57-2>0),R57-2,IF(AND(W57<76,W57>50,R57-1>0),R57-1,R57)))) -> 2 | Y57: =IF(ISBLANK(W57)=TRUE,"",IF(AND(S57=20,W57>75),"5",IF(AND(S57=20,W57>50,W57<76),"10",IF(AND(S57=20,W57<51),S57,IF(AND(S57=10,W57>50),"5",S57))))) -> 5 | Z57: =IFERROR(VLOOKUP(X57*Y57,ZonaRiesgoCorrup,3,FALSE),"") -> 10 Baja | AA57: 01/02/2018 - 10/12/2018 | AB57: Fortalecer el proceso de verificación de la base de datos de procesos judiciales. (Actualizar base de datos de manera diaria y permanente). | AC57: 100% actuaciones judiciales previamente revisadas | AD57: Asesor(a) Jurídico(a) | AL57: 01-07-2018 -31-12-2018 | AM57: Control y vigilancia del estado de los procesos judiciales 3 veces por semana | AN57: Asesor(a) Jurídico(a) | AO57: Registro de actuaciones y estado de procesos
A58: RIESGO DE CORRUPCIÓN | B58: APOYO (Gestión Jurídica) | C58: 37 | AA58: 01/02/2018 - 10/12/2018 | AB58: Exigencia de cumplimiento de compromisos para dar tramite a cuenta de cobro de contratista a cargo de desempeñar la labor de dependiente judicial. | AC58: Base de datos procesos judiciales FBSCGR actualizadas | AD58: Asesor(a) Jurídico(a)
A59: RIESGO DE CORRUPCIÓN | B59: APOYO (Gestión Jurídica) | C59: 37 | AA59: 01/02/2018 - 10/12/2018 | AB59: Capacitar a los contratistas y funcionarios responsables de la representación judicial del FBSCGR. | AC59: Registro de asistencia a capacitaciones | AD59: Asesor(a) Jurídico(a)
A60: RIESGO DE CORRUPCIÓN | B60: APOYO (Gestión Jurídica) | C60: 37 | AA60: 01/02/2018 - 10/12/2018 | AB60: Estructurar líneas de defensa judicial. Solicitar apoyo en las Gerencias Departamentales. | AC60: Líneas de defensa judicial estructurada (documentada) | AD60: Asesor(a) Jurídico(a)
A61: RIESGO DE PROCESO | B61: APOYO (Gestión Jurídica) | C61: 38 | D61: Inexistencia de continuidad en el desarrollo de planes y en la defensa judicial de la entidad | E61: Estrátegico | F61: Falta de procesos y procedimientos para la gestión jurídica de la entidad. Falta de personal de planta para apoyar la gestión jurídica. Temporada de vacancia del cargo de asesor jurídico (empleo de Libre nombramiento y Libre Remoción) | G61: Afectación grave en la gestión jurídica. Pérdida de oportunidad procesal. Posible toma de desiciones del ente público por fuera de la legalidad. | H61: 2 | I61: Legal Operativo | J61: 3 | K61: =IF(H61>0,VLOOKUP(VALUE(H61&J61),calificacion,2,FALSE),"") -> MODERADA | L61: 55 | M61: 40 | N61: =IF(AND(ISBLANK(L61),ISBLANK(M61))=TRUE,"",IF(AND(L61+M61>75,H61-2=0),H61-1,IF(AND(L61+M61>75,H61-2>0),H61-2,IF(AND(L61+M61<76,L61+M61>50,H61-1>0),H61-1,H61)))) -> 1 | O61: =IF(AND(ISBLANK(L61),ISBLANK(M61))=TRUE,"",IF(AND(L61+M61>75,J61-2=0),J61-1,IF(AND(L61+M61>75,J61-2>0),J61-2,IF(AND(L61+M61<76,L61+M61>50,J61-1>0),J61-1,J61)))) -> 1 | P61: =IF(AND(ISBLANK(L61),ISBLANK(M61))=TRUE,"",IF(N61>0,VLOOKUP(VALUE(N61&O61),calificacion,2,FALSE),"")) -> BAJA | Q61: =IF(AND(ISBLANK(L61),ISBLANK(M61))=TRUE,"",VLOOKUP(P61,manejo,2,FALSE)) -> Asumir el riesgo | AE61: Presentar y ejecutar plan de trabajo con el VoBo de la gerencia y el apoyo de las áreas involucradas con el proceso. | AF61: Adelantar acciones de corrección, solicitud de asistencia al área | AG61: Asesora Jurídica | AH61: Semestral | AI61: 43115 | AJ61: 43465 | AK61: Actividades y productos entregados en desarrollo del plan de trabajo propuesto
A62: RIESGO DE PROCESO | B62: APOYO (Gestión Jurídica) | C62: 38 | AE62: Estudiar la posibilidad de vincular a la planta de personal un abogado del nivel profesional para que de apoyo permanente al area jurídica. | AF62: Adelantar acciones de corrección, solicitud de asistencia al área | AG62: Asesora Jurídica | AH62: Semestral | AI62: 43115 | AJ62: 43465 | AK62: Comunicación de necesidad
A63: RIESGO DE PROCESO | B63: APOYO (Gestión Jurídica) | C63: 39 | D63: Vencimiento de términos para dar respuesta a requerimientos de despachos judiciales en términos menores a 5 días. Representación judicial extemporánea. | E63: Cumplimiento | F63: Falta de control de los canales electrónicos de notificaciones judiciales del FBSCGR | G63: Pérdida de oportunidad procesal. Posibles condenas a la entidad como resultado de fallos dentro de acciones de tutela., incidentes y procesos judiciales en general. | H63: 4 | I63: Legal | J63: 4 | K63: =IF(H63>0,VLOOKUP(VALUE(H63&J63),calificacion,2,FALSE),"") -> EXTREMA | L63: 55 | M63: 40 | N63: =IF(AND(ISBLANK(L63),ISBLANK(M63))=TRUE,"",IF(AND(L63+M63>75,H63-2=0),H63-1,IF(AND(L63+M63>75,H63-2>0),H63-2,IF(AND(L63+M63<76,L63+M63>50,H63-1>0),H63-1,H63)))) -> 2 | O63: =IF(AND(ISBLANK(L63),ISBLANK(M63))=TRUE,"",IF(AND(L63+M63>75,J63-2=0),J63-1,IF(AND(L63+M63>75,J63-2>0),J63-2,IF(AND(L63+M63<76,L63+M63>50,J63-1>0),J63-1,J63)))) -> 2 | P63: =IF(AND(ISBLANK(L63),ISBLANK(M63))=TRUE,"",IF(N63>0,VLOOKUP(VALUE(N63&O63),calificacion,2,FALSE),"")) -> BAJA | Q63: =IF(AND(ISBLANK(L63),ISBLANK(M63))=TRUE,"",VLOOKUP(P63,manejo,2,FALSE)) -> Asumir el riesgo | AE63: Capacitar personal a cargo de la administración de los canales electrónicos de notificaciónes judiciales. | AF63: Implementar acciones correctivas | AG63: Asesor(a) Jurídico(a) | AH63: Mensual | AI63: 43132 | AJ63: 43454 | AK63: Informes cuatrimestrales y registros en sistema de correspondencia.
A64: RIESGO DE PROCESO | B64: APOYO (Gestión Jurídica) | C64: 39 | AE64: Solicitar manejo del buzon de notificaciones judiciales por parte de la Asesoría Jurídica. | AF64: Implementar acciones correctivas | AG64: Asesor(a) Jurídico(a) | AH64: Mensual | AI64: 43132 | AJ64: 43454 | AK64: Informes cuatrimestrales y registros en sistema de correspondencia.
A65: RIESGO DE PROCESO | B65: APOYO (Gestión Jurídica) | C65: 39 | AE65: Realizar seguimiento semanal del estado de los procesos judiciales donde es parte la entidad. | AF65: Implementar acciones correctivas | AG65: Asesor(a) Jurídico(a) | AH65: Mensual | AI65: 43132 | AJ65: 43454 | AK65: Comunicaciones reporte estado de los procesos judiciales.
A66: RIESGO DE PROCESO | B66: APOYO (Talento Humano) | C66: 40 | D66: Accidentalidad y/o ausentismo laboral que inciden en el cumplimiento de los objetivos institucionales | E66: Operativos | F66: Inadecuada preparación y condición física para el deporte. Condiciones de infraestructura deficientes en el colegio y Centro Médico. | G66: Caidas, fracturas, incapacidades, incremento índice de ausentismos. | H66: 5 | I66: Operativo | J66: 2 | K66: =IF(H66>0,VLOOKUP(VALUE(H66&J66),calificacion,2,FALSE),"") -> ALTA | L66: 25 | M66: 0 | N66: =IF(AND(ISBLANK(L66),ISBLANK(M66))=TRUE,"",IF(AND(L66+M66>75,H66-2=0),H66-1,IF(AND(L66+M66>75,H66-2>0),H66-2,IF(AND(L66+M66<76,L66+M66>50,H66-1>0),H66-1,H66)))) -> 5 | O66: =IF(AND(ISBLANK(L66),ISBLANK(M66))=TRUE,"",IF(AND(L66+M66>75,J66-2=0),J66-1,IF(AND(L66+M66>75,J66-2>0),J66-2,IF(AND(L66+M66<76,L66+M66>50,J66-1>0),J66-1,J66)))) -> 2 | P66: =IF(AND(ISBLANK(L66),ISBLANK(M66))=TRUE,"",IF(N66>0,VLOOKUP(VALUE(N66&O66),calificacion,2,FALSE),"")) -> ALTA | Q66: =IF(AND(ISBLANK(L66),ISBLANK(M66))=TRUE,"",VLOOKUP(P66,manejo,2,FALSE)) -> Reducir el riesgo, Evitar, Compartir o Transferir | AE66: Mantener actualizada la caracterización de la accidentalidad Medicina Preventiva y del Trabajo Sistemas de Vigilancia Epidemiológica | AF66: Reporte ARL y orientar al funcionario. | AG66: Profesional Especializado G- 12 Grupo Talento Humano | AH66: Trimestral | AI66: 43252 | AJ66: 43496 | AK66: Informe de ausentismo y Plan de capactiación orientado a riesgos.
A67: RIESGO DE PROCESO | B67: APOYO (Talento Humano) | C67: 40 | AE67: Elaborar el sistema de vigilancia epidemiológica | AF67: Reporte ARL y orientar al funcionario. | AG67: Profesional Especializado G- 12 Grupo Talento Humano | AH67: Trimestral | AI67: 43252 | AJ67: 43496 | AK67: Documento de sistema de vigilancia epidemiológica
A68: RIESGO DE CORRUPCIÓN | B68: APOYO (Talento Humano) | C68: 41 | D68: Incumplimiento de las funciones establecidas en el Manual de funciones y competencias laborales | E68: Cumplimiento | F68: Débiles controles y seguimientos a las labores ejecutadas por los funcionarios | G68: Extralimitación u omision de funciones | K68: =IF(H68>0,VLOOKUP(VALUE(H68&J68),calificacion,2,FALSE),"") | N68: =IF(AND(ISBLANK(L68),ISBLANK(M68))=TRUE,"",IF(AND(L68+M68>75,H68-2=0),H68-1,IF(AND(L68+M68>75,H68-2>0),H68-2,IF(AND(L68+M68<76,L68+M68>50,H68-1>0),H68-1,H68)))) | O68: =IF(AND(ISBLANK(L68),ISBLANK(M68))=TRUE,"",IF(AND(L68+M68>75,J68-2=0),J68-1,IF(AND(L68+M68>75,J68-2>0),J68-2,IF(AND(L68+M68<76,L68+M68>50,J68-1>0),J68-1,J68)))) | P68: =IF(AND(ISBLANK(L68),ISBLANK(M68))=TRUE,"",IF(N68>0,VLOOKUP(VALUE(N68&O68),calificacion,2,FALSE),"")) | R68: 2 | S68: 10 | T68: =IF(S68>0,VLOOKUP(R68*S68,ZonaRiesgoCorrup,3,FALSE),"") -> 20 Moderada | U68: =IF(S68>0,VLOOKUP(R68*S68,ZonaRiesgoCorrup2,4,FALSE),"") -> Deben tomarse las medidas necesarias para llevar los riesgos a la Zona de Riesgo Baja o eliminarlo | V68: Preventivo | W68: 45 | X68: =IF(ISBLANK(W68)=TRUE,"",IF(AND(W68>75,R68-2=0),R68-1,IF(AND(W68>75,R68-2>0),R68-2,IF(AND(W68<76,W68>50,R68-1>0),R68-1,R68)))) -> 2 | Y68: =IF(ISBLANK(W68)=TRUE,"",IF(AND(S68=20,W68>75),"5",IF(AND(S68=20,W68>50,W68<76),"10",IF(AND(S68=20,W68<51),S68,IF(AND(S68=10,W68>50),"5",S68))))) -> 10 | Z68: =IFERROR(VLOOKUP(X68*Y68,ZonaRiesgoCorrup,3,FALSE),"") -> 20 Moderada | AA68: 01/02/2018 - 20/08/2018 | AB68: Implementar evaluación de desempeño para todos los funcionarios de la entidad. | AC68: Evaluaciones de desempeño realizadas del 100% de funcionarios de la entidad | AD68: Profesional G.14 grupo Talento Humano | AL68: 01/02/2018 - 30/08/2018 | AM68: Verificación de registros | AN68: Director(a) Administrativo(a) y Financiero(a) | AO68: Acto administrativo de implementación elaborado/acto adtivo programado
A69: RIESGO DE CORRUPCIÓN | B69: APOYO (Talento Humano) | C69: 42 | D69: Alterar registros de nómina para favorecimiento propio, de funcionarios de la entidad o terceros | E69: Financieros Cumplimiento | F69: Controles débiles de los registros de nómima | G69: Pérdida de recursos | K69: =IF(H69>0,VLOOKUP(VALUE(H69&J69),calificacion,2,FALSE),"") | N69: =IF(AND(ISBLANK(L69),ISBLANK(M69))=TRUE,"",IF(AND(L69+M69>75,H69-2=0),H69-1,IF(AND(L69+M69>75,H69-2>0),H69-2,IF(AND(L69+M69<76,L69+M69>50,H69-1>0),H69-1,H69)))) | O69: =IF(AND(ISBLANK(L69),ISBLANK(M69))=TRUE,"",IF(AND(L69+M69>75,J69-2=0),J69-1,IF(AND(L69+M69>75,J69-2>0),J69-2,IF(AND(L69+M69<76,L69+M69>50,J69-1>0),J69-1,J69)))) | P69: =IF(AND(ISBLANK(L69),ISBLANK(M69))=TRUE,"",IF(N69>0,VLOOKUP(VALUE(N69&O69),calificacion,2,FALSE),"")) | Q69: =IF(AND(ISBLANK(L69),ISBLANK(M69))=TRUE,"",VLOOKUP(P69,manejo,2,FALSE)) | R69: 1 | S69: 10 | T69: =IF(S69>0,VLOOKUP(R69*S69,ZonaRiesgoCorrup,3,FALSE),"") -> 10 Baja | U69: =IF(S69>0,VLOOKUP(R69*S69,ZonaRiesgoCorrup2,4,FALSE),"") -> Se encuentran en un nivel que puede eliminarse o reducirse fácilmente con los controles establecidos en la entidad. | V69: Preventivo | W69: 15 | X69: =IF(ISBLANK(W69)=TRUE,"",IF(AND(W69>75,R69-2=0),R69-1,IF(AND(W69>75,R69-2>0),R69-2,IF(AND(W69<76,W69>50,R69-1>0),R69-1,R69)))) -> 1 | Y69: =IF(ISBLANK(W69)=TRUE,"",IF(AND(S69=20,W69>75),"5",IF(AND(S69=20,W69>50,W69<76),"10",IF(AND(S69=20,W69<51),S69,IF(AND(S69=10,W69>50),"5",S69))))) -> 10 | Z69: =IFERROR(VLOOKUP(X69*Y69,ZonaRiesgoCorrup,3,FALSE),"") -> 10 Baja | AA69: 01/02/2018 - 20/12/2018 | AB69: Implementar controles de nómina | AC69: Controles implementados. | AD69: Profesional G.14 grupo Talento Humano | AL69: 02/01/2018 - 20/12/2018 | AM69: Verificación de registros de controles implementados | AN69: Director(a) Administrativo(a) y Financiero(a) | AO69: Registros (nómina) verificados / total registros
A70: RIESGO DE CORRUPCIÓN | B70: APOYO (Gestión Documental) | C70: 43 | D70: Pérdida de documentos para favorecimiento propio o de terceros | E70: Financieros Operativos | F70: Deficiente manejo documental en los grupos de trabajo para asegurar los documentos de gestión | G70: Pérdida de recursos. Procesos Disciplinarios Penales | K70: =IF(H70>0,VLOOKUP(VALUE(H70&J70),calificacion,2,FALSE),"") | N70: =IF(AND(ISBLANK(L70),ISBLANK(M70))=TRUE,"",IF(AND(L70+M70>75,H70-2=0),H70-1,IF(AND(L70+M70>75,H70-2>0),H70-2,IF(AND(L70+M70<76,L70+M70>50,H70-1>0),H70-1,H70)))) | O70: =IF(AND(ISBLANK(L70),ISBLANK(M70))=TRUE,"",IF(AND(L70+M70>75,J70-2=0),J70-1,IF(AND(L70+M70>75,J70-2>0),J70-2,IF(AND(L70+M70<76,L70+M70>50,J70-1>0),J70-1,J70)))) | P70: =IF(AND(ISBLANK(L70),ISBLANK(M70))=TRUE,"",IF(N70>0,VLOOKUP(VALUE(N70&O70),calificacion,2,FALSE),"")) | Q70: =IF(AND(ISBLANK(L70),ISBLANK(M70))=TRUE,"",VLOOKUP(P70,manejo,2,FALSE)) | R70: 3 | S70: 10 | T70: =IF(S70>0,VLOOKUP(R70*S70,ZonaRiesgoCorrup,3,FALSE),"") -> 30 Alta | U70: =IF(S70>0,VLOOKUP(R70*S70,ZonaRiesgoCorrup2,4,FALSE),"") -> Deben tomarse las medidas necesarias para llevar los riesgos a la Zona de Riesgo Moderada, Baja o eliminarlo | V70: Preventivo | W70: 80 | X70: =IF(ISBLANK(W70)=TRUE,"",IF(AND(W70>75,R70-2=0),R70-1,IF(AND(W70>75,R70-2>0),R70-2,IF(AND(W70<76,W70>50,R70-1>0),R70-1,R70)))) -> 1 | Y70: =IF(ISBLANK(W70)=TRUE,"",IF(AND(S70=20,W70>75),"5",IF(AND(S70=20,W70>50,W70<76),"10",IF(AND(S70=20,W70<51),S70,IF(AND(S70=10,W70>50),"5",S70))))) -> 5 | Z70: =IFERROR(VLOOKUP(X70*Y70,ZonaRiesgoCorrup,3,FALSE),"") -> 5 Baja | AA70: 01/02/2018 -15/12/2018 | AB70: Mantener actualizado el inventario documental y digitalizar los documentos transferidos al archivo central | AC70: Inventario de documentos | AD70: Profesional G.14 grupo Recursos Físicos | AL70: 01/02/2018 -15/12/2018 | AM70: Reportes (2) de avances de la actividad | AN70: Director(a) Administrativo(a) y Financiero(a) | AO70: Reportes realizados/reportes programados
A71: RIESGO DE CORRUPCIÓN | B71: SEGUIMIENTO Y EVALUACIÓN (Control Interno) | C71: 44 | D71: Emitir informes de Auditorias Intenas inexactos e inoportunos | E71: Cumplimiento Estrategico Imagen | F71: Falta de análisis de la información soporte de los informes y entrega de los mismos por fueran de los términos | G71: Perjuicio a los funcionarios Responsables y sin valor agregado para la toma de decisiones a la administración | K71: =IF(H71>0,VLOOKUP(VALUE(H71&J71),calificacion,2,FALSE),"") | N71: =IF(AND(ISBLANK(L71),ISBLANK(M71))=TRUE,"",IF(AND(L71+M71>75,H71-2=0),H71-1,IF(AND(L71+M71>75,H71-2>0),H71-2,IF(AND(L71+M71<76,L71+M71>50,H71-1>0),H71-1,H71)))) | O71: =IF(AND(ISBLANK(L71),ISBLANK(M71))=TRUE,"",IF(AND(L71+M71>75,J71-2=0),J71-1,IF(AND(L71+M71>75,J71-2>0),J71-2,IF(AND(L71+M71<76,L71+M71>50,J71-1>0),J71-1,J71)))) | P71: =IF(AND(ISBLANK(L71),ISBLANK(M71))=TRUE,"",IF(N71>0,VLOOKUP(VALUE(N71&O71),calificacion,2,FALSE),"")) | Q71: =IF(AND(ISBLANK(L71),ISBLANK(M71))=TRUE,"",VLOOKUP(P71,manejo,2,FALSE)) | R71: 3 | S71: 10 | T71: =IF(S71>0,VLOOKUP(R71*S71,ZonaRiesgoCorrup,3,FALSE),"") -> 30 Alta | U71: =IF(S71>0,VLOOKUP(R71*S71,ZonaRiesgoCorrup2,4,FALSE),"") -> Deben tomarse las medidas necesarias para llevar los riesgos a la Zona de Riesgo Moderada, Baja o eliminarlo | V71: Detectivo | W71: 85 | X71: =IF(ISBLANK(W71)=TRUE,"",IF(AND(W71>75,R71-2=0),R71-1,IF(AND(W71>75,R71-2>0),R71-2,IF(AND(W71<76,W71>50,R71-1>0),R71-1,R71)))) -> 1 | Y71: =IF(ISBLANK(W71)=TRUE,"",IF(AND(S71=20,W71>75),"5",IF(AND(S71=20,W71>50,W71<76),"10",IF(AND(S71=20,W71<51),S71,IF(AND(S71=10,W71>50),"5",S71))))) -> 5 | Z71: =IFERROR(VLOOKUP(X71*Y71,ZonaRiesgoCorrup,3,FALSE),"") -> 5 Baja | AA71: 01/03/2018 - 10/12/2018 | AB71: Revision y control de las evidencias documentales | AC71: 2 Informes Producto de las Auditorias Internas (PAA). | AD71: Asesor(a) de Control Interno | AL71: 30/06/2018 - 10/12/2018 | AM71: Verificar cumplimiento de revisiones y control | AN71: Asesor(a) de Control Interno | AO71: Informes elaborados / informes programados
A73: NOTA. Los riesgos de proceso correspondientes a Sistemas e informática pueden ser consultados en http://www.fbscgr.gov.co/index.php?idcategoria=6186
A74: Los riesgos del proceso de Bienestar Colegio (Plan escolar de riesgos) pueden ser consultados en el aplicativo SIRE

Sheet datos
B1: Estratégico | C1: 0 | D1: Confidencialidad en la Información | F1: Probabilidad | G1: SI | H1: Preventivo
B2: De Imagen | C2: 15 | D2: Credibilidad o Imagen | F2: Impacto | G2: NO | H2: Detectivo | P2: 1 | Q2: 0
B3: Operativos | C3: 30 | D3: Legal | H3: Correctivo | P3: 2 | Q3: 5
B4: Financieros | C4: 45 | D4: Operativo | P4: 3 | Q4: 10
B5: De Cumplimiento | C5: 60 | P5: 4 | Q5: 20
B6: De Tecnología | C6: 0 | P6: 5
C7: 15
C8: 25
C9: 40
C11: Calificación de Riesgo de Corrupción Impacto | G11: 5 | H11: Baja | I11: =G11&" "&H11 -> 5 Baja | J11: Se encuentran en un nivel que puede eliminarse o reducirse fácilmente con los controles establecidos en la entidad. | K11: 15 | L11: Moderada
C12: Nivel | D12: Descripción | E12: Respuestas | G12: 10 | H12: Baja | I12: =G12&" "&H12 -> 10 Baja | J12: Se encuentran en un nivel que puede eliminarse o reducirse fácilmente con los controles establecidos en la entidad. | K12: 14 | L12: Baja
A13: 11 | B13: BAJA | C13: 5 | D13: Moderado | E13: 1 - 5 | F13: 3 | G13: 15 | H13: Moderada | I13: =G13&" "&H13 -> 15 Moderada | J13: Deben tomarse las medidas necesarias para llevar los riesgos a la Zona de Riesgo Baja o eliminarlo | K13: 13 | L13: Baja
A14: 12 | B14: BAJA | C14: 10 | D14: Mayor | E14: 6 - 11 | F14: 4 | G14: 20 | H14: Moderada | I14: =G14&" "&H14 -> 20 Moderada | J14: Deben tomarse las medidas necesarias para llevar los riesgos a la Zona de Riesgo Baja o eliminarlo | K14: 25 | L14: Alta
A15: 13 | B15: MODERADA | C15: 20 | D15: Castrófico | E15: 12 - 18 | F15: 5 | G15: 25 | H15: Moderada | I15: =G15&" "&H15 -> 25 Moderada | J15: Deben tomarse las medidas necesarias para llevar los riesgos a la Zona de Riesgo Baja o eliminarlo | K15: 24 | L15: Moderada
A16: 14 | B16: ALTA | G16: 30 | H16: Alta | I16: =G16&" "&H16 -> 30 Alta | J16: Deben tomarse las medidas necesarias para llevar los riesgos a la Zona de Riesgo Moderada, Baja o eliminarlo | K16: 23 | L16: Baja
A17: 15 | B17: ALTA | G17: 40 | H17: Alta | I17: =G17&" "&H17 -> 40 Alta | J17: Deben tomarse las medidas necesarias para llevar los riesgos a la Zona de Riesgo Moderada, Baja o eliminarlo | K17: 35 | L17: Extrema
A18: 21 | B18: BAJA | G18: 50 | H18: Alta | I18: =G18&" "&H18 -> 50 Alta | J18: Deben tomarse las medidas necesarias para llevar los riesgos a la Zona de Riesgo Moderada, Baja o eliminarlo | K18: 34 | L18: Alta
A19: 22 | B19: BAJA | G19: 60 | H19: Extrema | I19: =G19&" "&H19 -> 60 Extrema | J19: Requieren de un tratamiento prioritario. Se deben implementar los controles orientados a reducir la posibilidad de ocurrencia del riesgo o disminuir el impacto de sus efectos y tomar las medidas de protección. | K19: 33 | L19: Moderada
A20: 23 | B20: MODERADA | G20: 80 | H20: Extrema | I20: =G20&" "&H20 -> 80 Extrema | J20: Requieren de un tratamiento prioritario. Se deben implementar los controles orientados a reducir la posibilidad de ocurrencia del riesgo o disminuir el impacto de sus efectos y tomar las medidas de protección. | K20: 45 | L20: Extrema
A21: 24 | B21: ALTA | G21: 100 | H21: Extrema | I21: =G21&" "&H21 -> 100 Extrema | J21: Requieren de un tratamiento prioritario. Se deben implementar los controles orientados a reducir la posibilidad de ocurrencia del riesgo o disminuir el impacto de sus efectos y tomar las medidas de protección. | K21: 44 | L21: Alta
A22: 25 | B22: EXTREMA | K22: 43 | L22: Moderada
A23: 31 | B23: BAJA | K23: 55 | L23: Extrema
A24: 32 | B24: MODERADA | K24: 54 | L24: Alta
A25: 33 | B25: ALTA | K25: 53 | L25: Moderada
A26: 34 | B26: EXTREMA
A27: 35 | B27: EXTREMA
A28: 41 | B28: MODERADA
A29: 42 | B29: ALTA
A30: 43 | B30: ALTA
A31: 44 | B31: EXTREMA
A32: 45 | B32: EXTREMA
A33: 51 | B33: ALTA
A34: 52 | B34: ALTA
A35: 53 | B35: EXTREMA
A36: 54 | B36: EXTREMA
A37: 55 | B37: EXTREMA
A40: BAJA | B40: Asumir el riesgo | C40: B: Zona de riesgo Baja: Asumir el riesgo
A41: MODERADA | B41: Asumir el riesgo, Reducir el riesgo | C41: M: Zona de riesgo Moderada: Asumir el riesgo, Reducir el riesgo
A42: ALTA | B42: Reducir el riesgo, Evitar, Compartir o Transferir | C42: A: Zona de riesgo Alta: Reducir el riesgo, Evitar, Compartir o Transferir
A43: EXTREMA | B43: Reducir el riesgo, Evitar, Compartir o Transferir | C43: E: Zona de riesgo Extrema: Reducir el riesgo, Evitar, Compartir o Transferir
A47: RIESGOS POR PROCESOS
A48: BAJA | B48: =COUNTIF(Formulario!P12:P100,"BAJA") -> 12 | C48: =B48/SUM($B$48:$B$51) -> 0.4
A49: MODERADA | B49: =COUNTIF(Formulario!P12:P100,A49) -> 6 | C49: =B49/SUM($B$48:$B$51) -> 0.2
A50: ALTA | B50: =COUNTIF(Formulario!P12:P100,A50) -> 8 | C50: =B50/SUM($B$48:$B$51) -> 0.26666667
A51: EXTREMA | B51: =COUNTIF(Formulario!P12:P100,A51) -> 4 | C51: =B51/SUM($B$48:$B$51) -> 0.13333333
A52: Total Riesgos | B52: =SUM(B48:B51) -> 30
A59: RIESGOS DE CORRUPCION
A60: BAJA | B60: =COUNTIF(Formulario!Z12:Z100,I11)+COUNTIF(Formulario!Z12:Z100,I12) -> 8 | C60: =B60/SUM($B$60:$B$63) -> 0.57142857
A61: MODERADA | B61: =COUNTIF(Formulario!Z12:Z100,I13)+COUNTIF(Formulario!Z12:Z100,I14)+COUNTIF(Formulario!Z12:Z100,I15) -> 3 | C61: =B61/SUM($B$60:$B$63) -> 0.21428571
A62: ALTA | B62: =COUNTIF(Formulario!Z12:Z100,I16)+COUNTIF(Formulario!Z12:Z100,I17)+COUNTIF(Formulario!Z12:Z100,I18) -> 3 | C62: =B62/SUM($B$60:$B$63) -> 0.21428571
A63: EXTREMA | B63: =COUNTIF(Formulario!Z12:Z100,I19)+COUNTIF(Formulario!Z12:Z100,I20)+COUNTIF(Formulario!Z12:Z100,I21) -> 0 | C63: =B63/SUM($B$60:$B$63) -> 0
A64: Total Riesgos | B64: =SUM(B60:B63) -> 14

Sheet Información
A2: TABLA DE PROBABILIDAD
A3: NIVEL | B3: DESCRIPTOR | C3: DESCRIPCIÓN | D3: FRECUENCIA
A4: 1 | B4: Raro | C4: El evento puede ocurrir solo en circunstancias excepcionales. | D4: No se ha presentado en los últimos 5 años.
A5: 2 | B5: Improbable | C5: El evento puede ocurrir en algún momento | D5: Al menos una vez en los últimos 5 años.
A6: 3 | B6: Posible | C6: El evento podría ocurrir en algún momento | D6: Al menos una vez en los últimos 2 años.
A7: 4 | B7: Probable | C7: El evento probablemente ocurrirá en la mayoría de las circunstancias | D7: Al menos una vez en el último año.
A8: 5 | B8: Casi seguro | C8: Se espera que el evento ocurra en la mayoría de las circunstancias | D8: Más de una vez al año.
A10: ANÁLISIS DEL RIESGO - TABLA DE IMPACTO
A11: NIVEL | B11: DESCRIPTOR | C11: DESCRIPCIÓN
A12: 1 | B12: Insignificante | C12: Si el hecho llegara a presentarse, tendría consecuencias o efectos mínimos sobre la entidad.
A13: 2 | B13: Menor | C13: Si el hecho llegara a presentarse, tendría bajo impacto o efecto sobre la entidad.
A14: 3 | B14: Moderado | C14: Si el hecho llegara a presentarse, tendría medianasconsecuencias o efectos sobre la entidad.
A15: 4 | B15: Mayor | C15: Si el hecho llegara a presentarse, tendría altas consecuencias o efectos sobre la entidad
A16: 5 | B16: Catastrófico | C16: Si el hecho llegara a presentarse, tendría desastrosas consecuencias o efectos sobre la entidad.
A18: TIPO IMPACTO
A19: TIPO | B19: NIVEL | C19: CONCEPTO
A20: CONFIDENCIALIDAD EN LA INFORMACIÓN | B20: 1 | C20: Personal
B21: 2 | C21: Grupo de Trabajo
B22: 3 | C22: Relativa al Proceso
B23: 4 | C23: Institucional
B24: 5 | C24: Estratégica
A25: CREDIBILIDAD O IMAGEN | B25: 1 | C25: Grupo de funcionarios
B26: 2 | C26: Todos los funcionarios
B27: 3 | C27: Usuarios ciudad
B28: 4 | C28: Usuarios región
B29: 5 | C29: Usuarios país
A30: LEGAL | B30: 1 | C30: Multas
B31: 2 | C31: Demandas
B32: 3 | C32: Investigación Disciplinaria
B33: 4 | C33: Investigación Fiscal
B34: 5 | C34: Intervención – Sanción
A35: OPERATIVO | B35: 1 | C35: Ajustes a una actividad concreta
B36: 2 | C36: Cambios en los procedimientos
B37: 3 | C37: Cambios en la interacción de los procesos
B38: 4 | C38: Intermitencia en el servicio
B39: 5 | C39: Paro total del proceso
A41: VALORACION DEL RIESGO
A42: PARAMETROS | C42: CRITERIOS | D42: TIPO DE CONTROL | F42: PUNTAJES
D43: Probabilidad | E43: Impacto
A44: Herramientas para ejercer el control | C44: Posee una herramienta para ejercer el control. | F44: 15
C45: Existen manuales instructivos o procedimientos para el manejo de la herramienta | F45: 15
C46: En el tiempo que lleva la herramienta ha demostrado ser efectiva. | F46: 30
A47: Seguimiento al control | C47: Están definidos los responsables de la ejecución del control y del seguimiento. | E47: 0 | F47: 15
C48: La frecuencia de la ejecución del control y seguimiento es adecuada. | E48: 0 | F48: 25
A50: FORMATO PARA DETERMINAR IMPACTO DEL RIESGO DE CORRUPCION
A51: No. | B51: Pregunta (Si el riesgo de corrupción se materializa podría…) | D51: Respuesta (Si / No)
A52: 1 | B52: ¿Afectar al grupo de funcionarios del proceso? | D52: SI
A53: 2 | B53: ¿Afectar el cumplimiento de metas y objetivos de la dependencia? | D53: SI
A54: 3 | B54: ¿Afectar el cumplimiento de misión de la Entidad? | D54: SI
A55: 4 | B55: ¿Afectar el cumplimiento de la misión del sector al que pertenece la Entidad? | D55: NO
A56: 5 | B56: ¿Generar pérdida de confianza de la Entidad, afectando su reputación? | D56: SI
A57: 6 | B57: ¿Generar pérdida de recursos económicos? | D57: SI
A58: 7 | B58: ¿Afectar la generación de los productos o la prestación de servicios? | D58: SI
A59: 8 | B59: ¿Dar lugar al detrimento de calidad de vida de la comunidad por la pérdida del bien o servicios o los recursos públicos? | D59: NO
A60: 9 | B60: ¿Generar pérdida de información de la Entidad? | D60: NO
A61: 10 | B61: ¿Generar intervención de los órganos de control, de la Fiscalía, u otro ente? | D61: SI
A62: 11 | B62: ¿Dar lugar a procesos sancionatorios? | D62: SI
A63: 12 | B63: ¿Dar lugar a procesos disciplinarios? | D63: SI
... A69: 18 | B69: ¿Afectar la imagen nacional? | D69: NO
C70: Calificación del Riesgo (Con Preguntas afirmativas) | D70: =IF(COUNTIF(D52:D69,"si")>0,COUNTIF(D52:D69,"si"),"") -> 11
C71: =IF(COUNTIF(D52:D69,"si")>0,"Número respuestas de "&IF(D70<6,"1 a 5",IF(D70>11,"12 a 18","6 a 11")),"") -> Número respuestas de 6 a 11 | D71: =IF(COUNTIF(D52:D69,"si")>0,IF(D70>11,"Catastrófico",IF(AND(D70>5,D70<12),"Mayor","Moderado")),"") -> Mayor
C72: Nivel | D72: =IF(COUNTIF(D52:D69,"si")>0,IF(D70<6,"5",IF(D70>11,"20","10")),"") -> 10
A73: MEDICION RIESGO DE CORRUPCION - TABLA DE IMPACTO
A74: NIVEL | B74: DESCRIPTOR | C74: DESCRIPCIÓN
A75: 5 | B75: Moderado | C75: Afectación parcial al proceso y a la dependencia Genera mediananas consecuencias para la entidad.
A76: 10 | B76: Mayor | C76: Impacto negativo de la Entidad Genera altas consecuancias para la entidad.
A77: 20 | B77: Catastrófico | C77: Consecuancias desastrosas sobre el sector Genera consecuencias desastrosas para la entidad.
A80: CONTROLES DE RIESGOS DE CORRUPCIÓN
A81: Descripción del riesgo | B81: Naturaleza del control (Preventivo, Detectivo, Correctivo) | C81: Criterios para la evaluación (Criterio de medición) | D81: Evaluación SI / NO | E81: Puntaje
C82: ¿Existen manuales, instructivos o procedimientos para el manejo del control? | D82: NO | E82: =IF(D82="SI",15,0) -> 0
C83: ¿Está(n) definido(s) el(los) responsable(s) de la ejecución del control y del seguimiento? | D83: SI | E83: =IF(D83="SI",5,0) -> 5
C84: ¿El control es automático? | D84: NO | E84: =IF(D84="SI",15,0) -> 0
C85: ¿El control es manual? | D85: SI | E85: =IF(D85="SI",10,0) -> 10
C86: ¿La frecuencia de ejecución del control y seguimiento es adecuada? | D86: SI | E86: =IF(D86="SI",15,0) -> 15
C87: ¿Se cuenta con evidencias de la ejecución y seguimiento del control? | D87: SI | E87: =IF(D87="SI",10,0) -> 10
C88: ¿En el tiempo que lleva la herramienta ha demostrado ser efectiva? | D88: SI | E88: =IF(D88="SI",30,0) -> 30
D89: Total | E89: =IF(SUM(E82:E88)>0,SUM(E82:E88),"") -> 70
D90: =IF(SUM(E82:E88)>0,"Número respuestas de "&IF(E89<51,"0 a 50",IF(E89>75,"76 a 100","51 a 75")),"") -> Número respuestas de 51 a 75 | E90: =IF(SUM(E82:E88)>0,IF(E89<51,0,IF(E89>75,2,1)),"") -> 1 | F90: =IF(SUM(E82:E88)>0,"Punto(s) a disminuir","") -> Punto(s) a disminuir
A92: Calificación de los controles Puntaje a disminuir
A93: De 0 a 50 | B93: 0
A94: De 51 a 75 | B94: 1
A95: De 76 a 100 | B95: 2
